Workbook
Name aa: '[2]1993'!$A$1:$IV$3,'[2]1993'!$A$1:$A$65536
Name ad: '[3]МТР Газ України'!$B$1
Name as: '[4]МТР Газ України'!$B$1
Name asdf: [5]Inform!$E$6
Name asdfg: [5]Inform!$F$2
Name BuiltIn_Print_Area___1___1: #REF!
Name ClDate: [6]Inform!$E$6
Name ClDate_21: [7]Inform!$E$6
Name ClDate_25: [7]Inform!$E$6
Name ClDate_6: [8]Inform!$E$6
Name CompName: [6]Inform!$F$2
Name CompName_21: [7]Inform!$F$2
Name CompName_25: [7]Inform!$F$2
Name CompName_6: [8]Inform!$F$2
Name CompNameE: [6]Inform!$G$2
Name CompNameE_21: [7]Inform!$G$2
Name CompNameE_25: [7]Inform!$G$2
Name CompNameE_6: [8]Inform!$G$2
Name Cost_Category_National_ID: #REF!
Name Cе511: #REF!
Name d: '[9]МТР Газ України'!$B$4
Name dCPIb: [10]попер_роз!#REF!
Name dPPIb: [10]попер_роз!#REF!
Name ds: '[11]7 Інші витрати'!#REF!
Name Fact_Type_ID: #REF!
Name G: '[12]МТР Газ України'!$B$1
Name ij1sssss: '[13]7 Інші витрати'!#REF!
Name LastItem: [14]Лист1!$A$1
Name Load: '[15]МТР Газ України'!$B$4
Name Load_ID: '[16]МТР Газ України'!$B$4
Name Load_ID_10: '[17]7 Інші витрати'!#REF!
Name Load_ID_11: '[18]МТР Газ України'!$B$4
Name Load_ID_12: '[18]МТР Газ України'!$B$4
Name Load_ID_13: '[18]МТР Газ України'!$B$4
Name Load_ID_14: '[18]МТР Газ України'!$B$4
Name Load_ID_15: '[18]МТР Газ України'!$B$4
Name Load_ID_16: '[18]МТР Газ України'!$B$4
Name Load_ID_17: '[18]МТР Газ України'!$B$4
Name Load_ID_18: '[19]МТР Газ України'!$B$4
Name Load_ID_19: '[20]МТР Газ України'!$B$4
Name Load_ID_20: '[19]МТР Газ України'!$B$4
Name Load_ID_200: '[15]МТР Газ України'!$B$4
Name Load_ID_21: '[21]МТР Газ України'!$B$4
Name Load_ID_23: '[20]МТР Газ України'!$B$4
Name Load_ID_25: '[21]МТР Газ України'!$B$4
Name Load_ID_542: '[22]МТР Газ України'!$B$4
Name Load_ID_6: '[18]МТР Газ України'!$B$4
Name OpDate: [6]Inform!$E$5
Name OpDate_21: [7]Inform!$E$5
Name OpDate_25: [7]Inform!$E$5
Name OpDate_6: [8]Inform!$E$5
Name QR: [23]Inform!$E$5
Name qw: [5]Inform!$E$5
Name qwert: [5]Inform!$G$2
Name qwerty: '[4]МТР Газ України'!$B$4
Name ShowFil: [14]!ShowFil
Name SU_ID: #REF!
Name Time_ID: '[16]МТР Газ України'!$B$1
Name Time_ID_10: '[17]7 Інші витрати'!#REF!
Name Time_ID_11: '[18]МТР Газ України'!$B$1

Sheet Осн. фін. пок.
F1: Додаток 3
F2: до Порядку складання, затвердження
F3: та контролю виконання фінансового плану
F4: суб'єкта господарювання державного сектору економіки
F5: (пункт 11)
G9: Рік | H9: Коди
A10: Підприємство | B10: КП "Благоустрій - Р" | G10: за ЄДРПОУ | H10: 35450670
A11: Організаційно-правова форма | B11: комунальне підприємство | G11: за КОПФГ | H11: 150
A12: Територія | B12: міста районного підпорядкування Рогатинського р-ну | G12: за КОАТУУ | H12: 2624410000
A13: Орган державного управління | G13: за СПОДУ
A14: Галузь | G14: за ЗКГНГ
A15: Вид економічної діяльності | B15: збирання безпечних відходів | G15: за КВЕД | H15: 38.11
A16: Одиниця виміру, тис. грн | F16: Стандарти звітності П(с)БОУ
A17: Форма власності | F17: Стандарти звітності МСФЗ
A18: Середньооблікова кількість штатних працівників | B18: 65
A19: Місцезнаходження | B19: м. Рогатин, вул. Галицька, 102
A20: Телефон
A21: Прізвище та ініціали керівника | B21: Миць В. В.
A23: ЗВІТ
A24: ПРО ВИКОНАННЯ ФІНАНСОВОГО ПЛАНУ ПІДПРИЄМСТВА
A25: за І півріччя 2026 року
A26: (квартал, рік)
A28: Основні фінансові показники
A30: Найменування показника | B30: Код рядка | C30: Факт наростаючим підсумком з початку року | E30: Звітний період (квартал, рік)
C31: минулий рік | D31: поточний рік | E31: план | F31: факт | G31: відхилення, +/– | H31: виконання, %
A32: 1 | B32: 2 | C32: 3 | D32: 4 | E32: 5 | F32: 6 | G32: 7 | H32: 8
A33: І. Формування фінансових результатів
A34: Чистий дохід від реалізації продукції (товарів, робіт, послуг) | B34: 1000 | C34: =SUM('ІІІ. Рух грош. коштів'!C8) -> 13.1 | D34: =SUM('I. Фін результат'!D7) -> 26.7 | E34: =SUM('I. Фін результат'!E7) -> 15 | F34: =D34 -> 26.7 | G34: =F34-E34 -> 11.7 | H34: =(F34/E34)*100 -> 178
A35: Собівартість реалізованої продукції (товарів, робіт, послуг) | B35: 1010 | C35: =SUM('I. Фін результат'!C8) -> -7936.8 | D35: =SUM('I. Фін результат'!D8) -> -8172.3 | E35: =SUM('I. Фін результат'!E8) -> -13267.8 | F35: =D35 -> -8172.3 | G35: =F35-E35 -> 5095.5 | H35: =(F35/E35)*100 -> 61.594989
A36: Валовий прибуток/збиток | B36: 1020 | C36: =SUM(C34:C35) -> -7923.7 | D36: =SUM(D34:D35) -> -8145.6 | E36: =SUM(E34:E35) -> -13252.8 | F36: =SUM(F34:F35) -> -8145.6 | G36: =F36-E36 -> 5107.2 | H36: =(F36/E36)*100 -> 61.463238
A37: Адміністративні витрати, у тому числі: | B37: 1030 | C37: ='I. Фін результат'!C18 -> 0 | D37: ='I. Фін результат'!D18 -> 0 | E37: ='I. Фін результат'!E18 -> 0 | F37: ='I. Фін результат'!F18 -> 0 | G37: =F37-E37 -> 0 | H37: =(F37/E37)*100 -> #DIV/0!
A38: витрати, пов'язані з використанням власних службових автомобілів | B38: 1031 | C38: ='I. Фін результат'!C19 -> ( ) | D38: ='I. Фін результат'!D19 -> ( ) | E38: ='I. Фін результат'!E19 -> ( ) | F38: ='I. Фін результат'!F19 -> ( ) | G38: =F38-E38 -> #VALUE! | H38: =(F38/E38)*100 -> #VALUE!
A39: витрати на оренду службових автомобілів | B39: 1032 | C39: ='I. Фін результат'!C20 -> ( ) | D39: ='I. Фін результат'!D20 -> ( ) | E39: ='I. Фін результат'!E20 -> ( ) | F39: ='I. Фін результат'!F20 -> ( ) | G39: =F39-E39 -> #VALUE! | H39: =(F39/E39)*100 -> #VALUE!
A40: витрати на консалтингові послуги | B40: 1033 | C40: ='I. Фін результат'!C21 -> ( ) | D40: ='I. Фін результат'!D21 -> ( ) | E40: ='I. Фін результат'!E21 -> ( ) | F40: ='I. Фін результат'!F21 -> ( ) | G40: =F40-E40 -> #VALUE! | H40: =(F40/E40)*100 -> #VALUE!
A41: витрати на страхові послуги | B41: 1034 | C41: ='I. Фін результат'!C22 -> ( ) | D41: ='I. Фін результат'!D22 -> ( ) | E41: ='I. Фін результат'!E22 -> ( ) | F41: ='I. Фін результат'!F22 -> ( ) | G41: =F41-E41 -> #VALUE! | H41: =(F41/E41)*100 -> #VALUE!
A42: витрати на аудиторські послуги | B42: 1035 | C42: ='I. Фін результат'!C23 -> ( ) | D42: ='I. Фін результат'!D23 -> ( ) | E42: ='I. Фін результат'!E23 -> ( ) | F42: ='I. Фін результат'!F23 -> ( ) | G42: =F42-E42 -> #VALUE! | H42: =(F42/E42)*100 -> #VALUE!
A43: Витрати на збут | B43: 1060 | C43: ='I. Фін результат'!C41 -> 0 | D43: ='I. Фін результат'!D41 -> 0 | E43: ='I. Фін результат'!E41 -> 0 | F43: ='I. Фін результат'!F41 -> 0 | G43: =F43-E43 -> 0 | H43: =(F43/E43)*100 -> #DIV/0!
A44: Інші операційні доходи, у тому числі: | B44: 1070 | C44: ='I. Фін результат'!C49 -> 9654.4 | D44: ='I. Фін результат'!D49 -> 9542.6 | E44: ='I. Фін результат'!E49 -> 13260 | F44: ='I. Фін результат'!F49 -> 9542.6 | G44: =F44-E44 -> -3717.4 | H44: =(F44/E44)*100 -> 71.965309
A45: курсові різниці | B45: 1071 | C45: ='I. Фін результат'!C50 -> 0 | D45: ='I. Фін результат'!D50 -> 0 | E45: ='I. Фін результат'!E50 -> 0 | F45: ='I. Фін результат'!F50 -> 0 | G45: =F45-E45 -> 0 | H45: =(F45/E45)*100 -> #DIV/0!
A46: нетипові операційні доходи | B46: 1072 | C46: ='I. Фін результат'!C52 -> 0 | D46: ='I. Фін результат'!D52 -> 0 | E46: ='I. Фін результат'!E52 -> 0 | F46: ='I. Фін результат'!F52 -> 0 | G46: =F46-E46 -> 0 | H46: =(F46/E46)*100 -> #DIV/0!
A47: Інші операційні витрати, у тому числі: | B47: 1080 | C47: -1742 | D47: =SUM('I. Фін результат'!D54) -> -1484.7 | E47: ='I. Фін результат'!E61 -> -4.7 | F47: =D47 -> -1484.7 | G47: =F47-E47 -> -1480 | H47: =(F47/E47)*100 -> 31589.362
A48: курсові різниці | B48: 1081 | C48: ='I. Фін результат'!C55 -> ( ) | D48: ='I. Фін результат'!D55 -> ( ) | E48: ='I. Фін результат'!E55 -> ( ) | F48: ='I. Фін результат'!F55 -> ( ) | G48: =F48-E48 -> #VALUE! | H48: =(F48/E48)*100 -> #VALUE!
A49: Інші доходи | C49: 12 | D49: =SUM('I. Фін результат'!D69) -> 94.5 | F49: =SUM(D49) -> 94.5
A50: нетипові операційні витрати | B50: 1082 | D50: ='I. Фін результат'!D56 -> 0 | E50: ='I. Фін результат'!E56 -> ( ) | F50: ='I. Фін результат'!F56 -> 0 | G50: =F50-E50 -> #VALUE! | H50: =(F50/E50)*100 -> #VALUE!
A51: Фінансовий результат від операційної діяльності | B51: 1100 | C51: =SUM(C36,C37,C44,C47,C49) -> 0.7 | D51: =SUM(D36,D37,D44,D47,D49) -> 6.8 | E51: =SUM(E36,E37,E44,E47,E49) -> 2.5 | F51: =SUM(F36,F37,F44,F47,F49) -> 6.8 | G51: =F51-E51 -> 4.3 | H51: =(F51/E51)*100 -> 272
A52: EBITDA | B52: 1310 | C52: ='I. Фін результат'!C91 -> #VALUE! | D52: ='I. Фін результат'!D91 -> #VALUE! | E52: ='I. Фін результат'!E91 -> #VALUE! | F52: ='I. Фін результат'!F91 -> #VALUE! | G52: =F52-E52 -> #VALUE! | H52: =(F52/E52)*100 -> #VALUE!
A53: Рентабельність EBITDA | B53: 5010 | C53: =(C52/C34)*100 -> #VALUE! | D53: =(D52/D34)*100 -> #VALUE! | E53: =(E52/E34)*100 -> #VALUE! | F53: =(F52/F34)*100 -> #VALUE! | G53: =F53-E53 -> #VALUE! | H53: =(F53/E53)*100 -> #VALUE!
A54: Дохід від участі в капіталі | B54: 1110 | C54: ='I. Фін результат'!C63 -> 0 | D54: ='I. Фін результат'!D63 -> 0 | E54: ='I. Фін результат'!E63 -> 0 | F54: ='I. Фін результат'!F63 -> 0 | G54: =F54-E54 -> 0 | H54: =(F54/E54)*100 -> #DIV/0!
A55: Втрати від участі в капіталі | B55: 1120 | C55: ='I. Фін результат'!C64 -> ( ) | D55: ='I. Фін результат'!D64 -> ( ) | E55: ='I. Фін результат'!E64 -> ( ) | F55: ='I. Фін результат'!F64 -> ( ) | G55: =F55-E55 -> #VALUE! | H55: =(F55/E55)*100 -> #VALUE!
A56: Інші фінансові доходи | B56: 1130 | C56: ='I. Фін результат'!C65 -> 0 | D56: ='I. Фін результат'!D65 -> 0 | E56: ='I. Фін результат'!E65 -> 0 | F56: ='I. Фін результат'!F65 -> 0 | G56: =F56-E56 -> 0 | H56: =(F56/E56)*100 -> #DIV/0!
A57: Фінансові витрати | B57: 1140 | C57: ='I. Фін результат'!C66 -> ( ) | D57: ='I. Фін результат'!D66 -> ( ) | E57: ='I. Фін результат'!E66 -> ( ) | F57: ='I. Фін результат'!F66 -> ( ) | G57: =F57-E57 -> #VALUE! | H57: =(F57/E57)*100 -> #VALUE!
A58: Інші доходи, усього, у тому числі: | B58: 1150 | C58: 12 | D58: =SUM('I. Фін результат'!D69) -> 94.5 | F58: =SUM(D58) -> 94.5 | G58: =F58-E58 -> 94.5 | H58: =(F58/E58)*100 -> #DIV/0!
A59: курсові різниці | B59: 1151 | D59: ='I. Фін результат'!D68 -> 0 | E59: ='I. Фін результат'!E68 -> 0 | F59: ='I. Фін результат'!F68 -> 0 | G59: =F59-E59 -> 0 | H59: =(F59/E59)*100 -> #DIV/0!
A60: Інші витрати, усього, у тому числі: | B60: 1160 | D60: ='I. Фін результат'!D70 -> 0 | E60: ='I. Фін результат'!E70 -> 0 | F60: ='I. Фін результат'!F70 -> 0 | G60: =F60-E60 -> 0 | H60: =(F60/E60)*100 -> #DIV/0!
A61: курсові різниці | B61: 1161 | C61: ='I. Фін результат'!C71 -> ( ) | D61: ='I. Фін результат'!D71 -> ( ) | E61: ='I. Фін результат'!E71 -> ( ) | F61: ='I. Фін результат'!F71 -> ( ) | G61: =F61-E61 -> #VALUE! | H61: =(F61/E61)*100 -> #VALUE!
A62: Фінансовий результат до оподаткування | B62: 1170 | C62: =SUM(C51) -> 0.7 | D62: =SUM(D51) -> 6.8 | E62: =SUM(E51) -> 2.5 | F62: =SUM(F51) -> 6.8 | G62: =F62-E62 -> 4.3 | H62: =F62/E62*100% -> 2.72
A63: Витрати з податку на прибуток | B63: 1180 | E63: ='I. Фін результат'!E74 -> 0 | F63: =D63 -> 0 | G63: =F63-E63 -> 0 | H63: =(F63/E63)*100 -> #DIV/0!
A64: Дохід з податку на прибуток | B64: 1181 | G64: =F64-E64 -> 0 | H64: =(F64/E64)*100 -> #DIV/0!
A65: Прибуток від припиненої діяльності після оподаткування | B65: 1190 | G65: =F65-E65 -> 0 | H65: =(F65/E65)*100 -> #DIV/0!
A66: Збиток від припиненої діяльності після оподаткування | B66: 1191 | G66: =F66-E66 -> 0 | H66: =(F66/E66)*100 -> #DIV/0!
A67: Чистий фінансовий результат | B67: 1200 | C67: =SUM(C62:C66) -> 0.7 | D67: =SUM(D62:D66) -> 6.8 | E67: =SUM(E62:E66) -> 2.5 | F67: =SUM(F62:F66) -> 6.8 | G67: =F67-E67 -> 4.3 | H67: =F67/E67*100% -> 2.72
A68: Прибуток | B68: 1201 | G68: =F68-E68 -> 0 | H68: =(F68/E68)*100 -> #DIV/0!
A69: Збиток | B69: 1202 | G69: =F69-E69 -> 0 | H69: =(F69/E69)*100 -> #DIV/0!
A70: Усього доходів | B70: 1210 | C70: =SUM(C34,C44,C54,C56,C58,C64,C65) -> 9679.5 | D70: =SUM(D34,D44,D54,D56,D58,D64,D65) -> 9663.8 | E70: =SUM(E34,E44,E54,E56,E58,E64,E65) -> 13275 | F70: =SUM(F34,F44,F54,F56,F58,F64,F65) -> 9663.8 | G70: =F70-E70 -> -3611.2 | H70: =(F70/E70)*100 -> 72.796987
A71: Усього витрат | B71: 1220 | C71: =SUM(C35,C37,C43,C47,C55,C57,C60,C63,C66) -> -9678.8 | D71: =SUM(D35,D37,D43,D47,D55,D57,D60,D63,D66) -> -9657 | E71: =SUM(E35,E37,E43,E47,E55,E57,E60,E63,E66) -> -13272.5 | F71: =SUM(F35,F37,F43,F47,F55,F57,F60,F63,F66) -> -9657 | G71: =F71-E71 -> 3615.5 | H71: =(F71/E71)*100 -> 72.759465
A72: Неконтрольована частка | B72: 1230 | G72: =F72-E72 -> 0 | H72: =(F72/E72)*100 -> #DIV/0!
A73: Елементи операційних витрат | G73: =F73-E73 -> 0 | H73: =(F73/E73)*100 -> #DIV/0!
A74: Матеріальні витрати, у тому числі: | B74: 1400 | C74: =SUM('I. Фін результат'!C93) -> 3275.32 | D74: =SUM('I. Фін результат'!D93) -> 2792.6 | E74: =SUM('I. Фін результат'!E93) -> 6211.48 | F74: =D74 -> 2792.6 | G74: =F74-E74 -> -3418.88 | H74: =(F74/E74)*100 -> 44.958689
A75: витрати на сировину та основні матеріали | B75: 1401 | C75: =SUM('I. Фін результат'!C94) -> 2206.72 | D75: =SUM('I. Фін результат'!D94) -> 1645.83 | E75: =SUM('I. Фін результат'!E94) -> 4432.48 | F75: =D75 -> 1645.83 | G75: =F75-E75 -> -2786.65 | H75: =(F75/E75)*100 -> 37.131132
A76: витрати на паливо та енергію | B76: 1402 | C76: =SUM('I. Фін результат'!C95) -> 1068.6 | D76: =SUM('I. Фін результат'!D95) -> 1146.77 | E76: =SUM('I. Фін результат'!E95) -> 1779 | F76: =D76 -> 1146.77 | G76: =F76-E76 -> -632.23 | H76: =(F76/E76)*100 -> 64.461495
A77: Витрати на оплату праці | B77: 1410 | C77: =SUM('I. Фін результат'!C96) -> 5302.7 | D77: =SUM('I. Фін результат'!D96) -> 5705.8 | E77: =SUM('I. Фін результат'!E96) -> 5784.5 | F77: =D77 -> 5705.8 | G77: =F77-E77 -> -78.7 | H77: =(F77/E77)*100 -> 98.639468
A78: Відрахування на соціальні заходи | B78: 1420 | C78: =SUM('I. Фін результат'!C97) -> 1089.6 | D78: =SUM('I. Фін результат'!D97) -> 1154.7 | E78: =SUM('I. Фін результат'!E97) -> 1272.56 | F78: =D78 -> 1154.7 | G78: =F78-E78 -> -117.86 | H78: =(F78/E78)*100 -> 90.738354
A79: Амортизація | B79: 1430 | D79: =SUM('I. Фін результат'!D98) -> 0 | E79: =SUM('I. Фін результат'!E98) -> 0 | F79: =D79 -> 0 | G79: =F79-E79 -> 0 | H79: =(F79/E79)*100 -> #DIV/0!
A80: Інші операційні витрати (комісія банку) | B80: 1440 | C80: =SUM('I. Фін результат'!C99) -> 0 | D80: =SUM('I. Фін результат'!D99) -> 3.9 | E80: =SUM('I. Фін результат'!E99) -> 4 | F80: =D80 -> 3.9 | G80: =F80-E80 -> -0.1 | H80: =(F80/E80)*100 -> 97.5
A81: Усього | B81: 1450 | C81: =SUM(C74,C77,C78,C79,C80) -> 9667.62 | D81: =SUM(D74,D77,D78,D79,D80) -> 9657 | E81: =SUM(E74,E77,E78,E79,E80) -> 13272.54 | F81: =SUM(F74,F77,F78,F79,F80) -> 9657 | G81: =F81-E81 -> -3615.54 | H81: =(F81/E81)*100 -> 72.759246
A82: IІ. Розрахунки з бюджетом
A83: Розподіл чистого прибутку
A84: Залишок нерозподіленого прибутку (непокритого збитку) на початок звітного періоду | B84: 2000 | C84: =SUM('ІІ. Розр. з бюджетом'!C7) -> 0 | D84: ='ІІ. Розр. з бюджетом'!D7 -> - | E84: ='ІІ. Розр. з бюджетом'!E7 -> 0 | F84: ='ІІ. Розр. з бюджетом'!F7 -> - | G84: =F84-E84 -> #VALUE! | H84: =(F84/E84)*100 -> #VALUE!
A85: Нараховані до сплати відрахування частини чистого прибутку, усього, у тому числі: | B85: 2010 | C85: =SUM(C86:C87) -> 0 | D85: =SUM(D86:D87) -> 0 | E85: =SUM(E86:E87) -> 0 | F85: =SUM(F86:F87) -> 0 | G85: =F85-E85 -> 0 | H85: =(F85/E85)*100 -> #DIV/0!
A86: державними унітарними підприємствами та їх об'єднаннями до державного бюджету | B86: 2011 | C86: ='ІІ. Розр. з бюджетом'!C9 -> ( ) | D86: ='ІІ. Розр. з бюджетом'!D9 -> ( ) | E86: ='ІІ. Розр. з бюджетом'!E9 -> ( ) | F86: ='ІІ. Розр. з бюджетом'!F9 -> ( ) | G86: =F86-E86 -> #VALUE! | H86: =(F86/E86)*100 -> #VALUE!
A87: господарськими товариствами, у статутному капіталі яких більше 50 відсотків акцій (часток, паїв) належать державі, на виплату дивідендів | B87: 2012 | C87: ='ІІ. Розр. з бюджетом'!C10 -> ( ) | D87: ='ІІ. Розр. з бюджетом'!D10 -> ( ) | E87: ='ІІ. Розр. з бюджетом'!E10 -> ( ) | F87: ='ІІ. Розр. з бюджетом'!F10 -> ( ) | G87: =F87-E87 -> #VALUE! | H87: =(F87/E87)*100 -> #VALUE!
A88: у тому числі на державну частку | B88: 2012/1 | C88: ='ІІ. Розр. з бюджетом'!C11 -> ( ) | D88: ='ІІ. Розр. з бюджетом'!D11 -> ( ) | E88: ='ІІ. Розр. з бюджетом'!E11 -> ( ) | F88: ='ІІ. Розр. з бюджетом'!F11 -> ( ) | G88: =F88-E88 -> #VALUE! | H88: =(F88/E88)*100 -> #VALUE!
A89: Перенесено з додаткового капіталу | B89: 2020 | C89: ='ІІ. Розр. з бюджетом'!C12 -> 0 | D89: ='ІІ. Розр. з бюджетом'!D12 -> 0 | E89: ='ІІ. Розр. з бюджетом'!E12 -> 0 | F89: ='ІІ. Розр. з бюджетом'!F12 -> 0 | G89: =F89-E89 -> 0 | H89: =(F89/E89)*100 -> #DIV/0!
A90: Розвиток виробництва | B90: 2030 | C90: ='ІІ. Розр. з бюджетом'!C13 -> ( ) | D90: ='ІІ. Розр. з бюджетом'!D13 -> ( ) | E90: ='ІІ. Розр. з бюджетом'!E13 -> ( ) | F90: ='ІІ. Розр. з бюджетом'!F13 -> ( ) | G90: =F90-E90 -> #VALUE! | H90: =(F90/E90)*100 -> #VALUE!
A91: Резервний фонд | B91: 2040 | C91: ='ІІ. Розр. з бюджетом'!C15 -> ( ) | D91: ='ІІ. Розр. з бюджетом'!D15 -> ( ) | E91: ='ІІ. Розр. з бюджетом'!E15 -> ( ) | F91: ='ІІ. Розр. з бюджетом'!F15 -> ( ) | G91: =F91-E91 -> #VALUE! | H91: =(F91/E91)*100 -> #VALUE!
A92: Інші фонди | B92: 2050 | C92: ='ІІ. Розр. з бюджетом'!C16 -> ( ) | D92: ='ІІ. Розр. з бюджетом'!D16 -> ( ) | E92: ='ІІ. Розр. з бюджетом'!E16 -> ( ) | F92: ='ІІ. Розр. з бюджетом'!F16 -> ( ) | G92: =F92-E92 -> #VALUE! | H92: =(F92/E92)*100 -> #VALUE!
A93: Інші цілі | B93: 2060 | C93: ='ІІ. Розр. з бюджетом'!C17 -> ( ) | D93: ='ІІ. Розр. з бюджетом'!D17 -> ( ) | E93: ='ІІ. Розр. з бюджетом'!E17 -> ( ) | F93: ='ІІ. Розр. з бюджетом'!F17 -> ( ) | G93: =F93-E93 -> #VALUE! | H93: =(F93/E93)*100 -> #VALUE!
A94: Залишок нерозподіленого прибутку (непокритого збитку) на кінець звітного періоду | B94: 2070 | C94: =SUM(C84,C85,C89,C90,C91,C92,C93)+C67 -> 0.7 | D94: =SUM(D84,D85,D89,D90,D91,D92,D93)+D67 -> 6.8 | E94: =SUM(E84,E85,E89,E90,E91,E92,E93)+E67 -> 2.5 | F94: 19.3 | G94: =F94-E94 -> 16.8 | H94: =F94/E94*100% -> 7.72
A95: Сплата податків, зборів та інших обов'язкових платежів
A96: Сплата податків та зборів до Державного бюджету України (податкові платежі), усього, у тому числі: | B96: 2110 | C96: ='ІІ. Розр. з бюджетом'!C20 -> 0 | D96: ='ІІ. Розр. з бюджетом'!D20 -> 0 | E96: ='ІІ. Розр. з бюджетом'!E20 -> 0 | F96: ='ІІ. Розр. з бюджетом'!F20 -> 0 | G96: =F96-E96 -> 0 | H96: =(F96/E96)*100 -> #DIV/0!
A97: податок на прибуток підприємств | B97: 2111 | D97: ='ІІ. Розр. з бюджетом'!D21 -> 0 | E97: ='ІІ. Розр. з бюджетом'!E21 -> 0 | F97: ='ІІ. Розр. з бюджетом'!F21 -> 0 | G97: =F97-E97 -> 0 | H97: =(F97/E97)*100 -> #DIV/0!
A98: ПДВ, що підлягає сплаті до бюджету за підсумками звітного періоду | B98: 2112 | C98: ='ІІ. Розр. з бюджетом'!C22 -> 0 | D98: ='ІІ. Розр. з бюджетом'!D22 -> 0 | E98: ='ІІ. Розр. з бюджетом'!E22 -> 0 | F98: ='ІІ. Розр. з бюджетом'!F22 -> 0 | G98: =F98-E98 -> 0 | H98: =(F98/E98)*100 -> #DIV/0!
A99: ПДВ, що підлягає відшкодуванню з бюджету за підсумками звітного періоду | B99: 2113 | C99: ='ІІ. Розр. з бюджетом'!C23 -> ( ) | D99: ='ІІ. Розр. з бюджетом'!D23 -> ( ) | E99: ='ІІ. Розр. з бюджетом'!E23 -> ( ) | F99: ='ІІ. Розр. з бюджетом'!F23 -> ( ) | G99: =F99-E99 -> #VALUE! | H99: =(F99/E99)*100 -> #VALUE!
A100: акцизний податок | B100: 2114 | C100: ='ІІ. Розр. з бюджетом'!C24 -> 0 | D100: ='ІІ. Розр. з бюджетом'!D24 -> 0 | E100: ='ІІ. Розр. з бюджетом'!E24 -> 0 | F100: ='ІІ. Розр. з бюджетом'!F24 -> 0 | H100: =(F100/E100)*100 -> #DIV/0!
A101: відрахування частини чистого прибутку державними унітарними підприємствами та їх об'єднаннями | B101: 2115 | C101: ='ІІ. Розр. з бюджетом'!C25 -> 0 | D101: ='ІІ. Розр. з бюджетом'!D25 -> 0 | E101: ='ІІ. Розр. з бюджетом'!E25 -> 0 | F101: ='ІІ. Розр. з бюджетом'!F25 -> 0 | H101: =(F101/E101)*100 -> #DIV/0!
A102: рентна плата за транспортування | B102: 2116 | C102: ='ІІ. Розр. з бюджетом'!C26 -> 0 | D102: ='ІІ. Розр. з бюджетом'!D26 -> 0 | E102: ='ІІ. Розр. з бюджетом'!E26 -> 0 | F102: ='ІІ. Розр. з бюджетом'!F26 -> 0 | H102: =(F102/E102)*100 -> #DIV/0!
A103: рентна плата за користування надрами | B103: 2117 | C103: ='ІІ. Розр. з бюджетом'!C27 -> 0 | D103: ='ІІ. Розр. з бюджетом'!D27 -> 0 | E103: ='ІІ. Розр. з бюджетом'!E27 -> 0 | F103: ='ІІ. Розр. з бюджетом'!F27 -> 0 | H103: =(F103/E103)*100 -> #DIV/0!
A104: Сплата податків та зборів до місцевих бюджетів (податкові платежі) | B104: 2120 | C104: ='ІІ. Розр. з бюджетом'!C30 -> 0 | D104: ='ІІ. Розр. з бюджетом'!D30 -> 0 | E104: ='ІІ. Розр. з бюджетом'!E30 -> 0 | F104: ='ІІ. Розр. з бюджетом'!F30 -> 0 | G104: =F104-E104 -> 0 | H104: =(F104/E104)*100 -> #DIV/0!
A105: Інші податки, збори та платежі на користь держави, усього, у тому числі: | B105: 2130 | C105: ='ІІ. Розр. з бюджетом'!C35 -> 0 | D105: ='ІІ. Розр. з бюджетом'!D35 -> 0 | E105: ='ІІ. Розр. з бюджетом'!E35 -> 0 | F105: ='ІІ. Розр. з бюджетом'!F35 -> 0 | G105: =F105-E105 -> 0 | H105: =(F105/E105)*100 -> #DIV/0!
A106: відрахування частини чистого прибутку господарськими товариствами, у статутному капіталі яких більше 50 відсотків акцій (часток, паїв) належать державі, на виплату дивідендів на державну частку | B106: 2131 | C106: ='ІІ. Розр. з бюджетом'!C36 -> 0 | D106: ='ІІ. Розр. з бюджетом'!D36 -> 0 | E106: ='ІІ. Розр. з бюджетом'!E36 -> 0 | F106: ='ІІ. Розр. з бюджетом'!F36 -> 0 | G106: =F106-E106 -> 0 | H106: =(F106/E106)*100 -> #DIV/0!
...

Sheet I. Фін результат
A1: І. Формування фінансових результатів
A3: Найменування показника | B3: Код рядка | C3: Факт наростаючим підсумком з початку року | E3: Звітний період (квартал, рік)
C4: минулий рік | D4: поточний рік | E4: план | F4: факт | G4: відхилення, +/– | H4: виконання, % | I4: пояснення та обґрунтування відхилення від запланованого рівня доходів/витрат
A5: 1 | B5: 2 | C5: 3 | D5: 4 | E5: 5 | F5: 6 | G5: 7 | H5: 8 | I5: 9
A6: Доходи і витрати (деталізація)
A7: Чистий дохід від реалізації продукції (товарів, робіт, послуг) | B7: 1000 | C7: =SUM('ІІІ. Рух грош. коштів'!C8) -> 13.1 | D7: =SUM('ІІІ. Рух грош. коштів'!F8) -> 26.7 | E7: =SUM('ІІІ. Рух грош. коштів'!E8) -> 15 | F7: =D7 -> 26.7 | G7: =F7-E7 -> 11.7 | H7: =(F7/E7)*100 -> 178
A8: Собівартість реалізованої продукції (товарів, робіт, послуг) | B8: 1010 | C8: -7936.8 | D8: -8172.3 | E8: =-6633.9+(-6633.9) -> -13267.8 | F8: =D8 -> -8172.3 | G8: =F8-E8 -> 5095.5 | H8: =(F8/E8)*100 -> 61.594989
A9: Витрати на сировину та основні матеріали | B9: 1011 | C9: -2206.72 | D9: =-1645.83 -> -1645.83 | E9: =-2216.24+(-2216.24) -> -4432.48 | F9: =D9 -> -1645.83 | G9: =F9-E9 -> 2786.65 | H9: =(F9/E9)*100 -> 37.131132
A10: Витрати на паливо | B10: 1012 | C10: -486.7 | D10: -615.38 | E10: =-342+(-342) -> -684 | F10: =D10 -> -615.38 | G10: =F10-E10 -> 68.62 | H10: =(F10/E10)*100 -> 89.967836
A11: Витрати на електроенергію | B11: 1013 | C11: -581.95 | D11: -531.39 | E11: =-547.5+(-547.5) -> -1095 | F11: =D11 -> -531.39 | G11: =F11-E11 -> 563.61 | H11: =(F11/E11)*100 -> 48.528767
A12: Витрати на оплату праці | B12: 1014 | C12: -5302.7 | D12: =-SUM('6.1. Інша інфо_1'!I15:K15) -> -5705.8 | E12: =-SUM('6.1. Інша інфо_1'!F15:H15) -> -5784.5 | F12: =D12 -> -5705.8 | G12: =F12-E12 -> 78.7 | H12: =(F12/E12)*100 -> 98.639468
A13: Відрахування на соціальні заходи | B13: 1015 | C13: -1089.57 | D13: =-1154.7 -> -1154.7 | E13: =-636.28+(-636.28) -> -1272.56 | F13: =D13 -> -1154.7 | G13: =F13-E13 -> 117.86 | H13: =(F13/E13)*100 -> 90.738354
A14: Витрати, що здійснюються для підтримання об’єкта в робочому стані (проведення ремонту, технічного огляду, нагляду, обслуговування тощо) | B14: 1016 | C14: ( ) | D14: ( ) | E14: ( ) | F14: ( ) | G14: =F14-E14 -> #VALUE! | H14: =(F14/E14)*100 -> #VALUE!
A15: Амортизація основних засобів і нематеріальних активів | B15: 1017 | G15: =F15-E15 -> 0 | H15: =(F15/E15)*100 -> #DIV/0!
A16: Інші витрати (розшифрувати) | B16: 1018 | G16: =F16-E16 -> 0 | H16: =(F16/E16)*100 -> #DIV/0!
A17: Валовий прибуток (збиток) | B17: 1020 | C17: =SUM(C7,C8) -> -7923.7 | D17: =SUM(D7,D8) -> -8145.6 | E17: =SUM(E7,E8) -> -13252.8 | F17: =D17 -> -8145.6 | G17: =F17-E17 -> 5107.2 | H17: =(F17/E17)*100 -> 61.463238
A18: Адміністративні витрати, у тому числі: | B18: 1030 | C18: =SUM(C19:C38,C40) -> 0 | D18: =SUM(D19:D38,D40) -> 0 | E18: =SUM(E19:E38,E40) -> 0 | F18: =SUM(F19:F38,F40) -> 0 | G18: =F18-E18 -> 0 | H18: =(F18/E18)*100 -> #DIV/0!
A19: витрати, пов'язані з використанням власних службових автомобілів | B19: 1031 | C19: ( ) | D19: ( ) | E19: ( ) | F19: ( ) | G19: =F19-E19 -> #VALUE! | H19: =(F19/E19)*100 -> #VALUE!
A20: витрати на оренду службових автомобілів | B20: 1032 | C20: ( ) | D20: ( ) | E20: ( ) | F20: ( ) | G20: =F20-E20 -> #VALUE! | H20: =(F20/E20)*100 -> #VALUE!
A21: витрати на консалтингові послуги | B21: 1033 | C21: ( ) | D21: ( ) | E21: ( ) | F21: ( ) | G21: =F21-E21 -> #VALUE! | H21: =(F21/E21)*100 -> #VALUE!
A22: витрати на страхові послуги | B22: 1034 | C22: ( ) | D22: ( ) | E22: ( ) | F22: ( ) | G22: =F22-E22 -> #VALUE! | H22: =(F22/E22)*100 -> #VALUE!
A23: витрати на аудиторські послуги | B23: 1035 | C23: ( ) | D23: ( ) | E23: ( ) | F23: ( ) | G23: =F23-E23 -> #VALUE! | H23: =(F23/E23)*100 -> #VALUE!
A24: витрати на службові відрядження | B24: 1036 | C24: ( ) | D24: ( ) | E24: ( ) | F24: ( ) | G24: =F24-E24 -> #VALUE! | H24: =(F24/E24)*100 -> #VALUE!
A25: витрати на зв’язок | B25: 1037 | C25: ( ) | D25: ( ) | E25: ( ) | F25: ( ) | G25: =F25-E25 -> #VALUE! | H25: =(F25/E25)*100 -> #VALUE!
A26: витрати на оплату праці | B26: 1038 | G26: =F26-E26 -> 0 | H26: =(F26/E26)*100 -> #DIV/0!
A27: відрахування на соціальні заходи | B27: 1039 | G27: =F27-E27 -> 0 | H27: =(F27/E27)*100 -> #DIV/0!
A28: амортизація основних засобів і нематеріальних активів загальногосподарського призначення | B28: 1040 | G28: =F28-E28 -> 0 | H28: =(F28/E28)*100 -> #DIV/0!
A29: витрати на операційну оренду основних засобів та роялті, що мають загальногосподарське призначення | B29: 1041 | G29: =F29-E29 -> 0 | H29: =(F29/E29)*100 -> #DIV/0!
A30: витрати на страхування майна загальногосподарського призначення | B30: 1042 | G30: =F30-E30 -> 0 | H30: =(F30/E30)*100 -> #DIV/0!
A31: витрати на страхування загальногосподарського персоналу | B31: 1043 | G31: =F31-E31 -> 0 | H31: =(F31/E31)*100 -> #DIV/0!
A32: організаційно-технічні послуги | B32: 1044 | G32: =F32-E32 -> 0 | H32: =(F32/E32)*100 -> #DIV/0!
A33: консультаційні та інформаційні послуги | B33: 1045 | G33: =F33-E33 -> 0 | H33: =(F33/E33)*100 -> #DIV/0!
A34: юридичні послуги | B34: 1046 | G34: =F34-E34 -> 0 | H34: =(F34/E34)*100 -> #DIV/0!
A35: послуги з оцінки майна | B35: 1047 | G35: =F35-E35 -> 0 | H35: =(F35/E35)*100 -> #DIV/0!
A36: витрати на охорону праці загальногосподарського персоналу | B36: 1048 | G36: =F36-E36 -> 0 | H36: =(F36/E36)*100 -> #DIV/0!
A37: витрати на підвищення кваліфікації та перепідготовку кадрів | B37: 1049 | G37: =F37-E37 -> 0 | H37: =(F37/E37)*100 -> #DIV/0!
A38: витрати на утримання основних фондів, інших необоротних активів загальногосподарського використання, у тому числі: | B38: 1050 | G38: =F38-E38 -> 0 | H38: =(F38/E38)*100 -> #DIV/0!
A39: витрати на поліпшення основних фондів | B39: 1050/1 | G39: =F39-E39 -> 0 | H39: =(F39/E39)*100 -> #DIV/0!
A40: інші адміністративні витрати (розшифрувати) | B40: 1051 | C40: ( ) | D40: ( ) | E40: ( ) | F40: ( ) | G40: =F40-E40 -> #VALUE! | H40: =(F40/E40)*100 -> #VALUE!
A41: Витрати на збут, у тому числі: | B41: 1060 | C41: =SUM(C42:C48) -> 0 | D41: =SUM(D42:D48) -> 0 | E41: =SUM(E42:E48) -> 0 | F41: =SUM(F42:F48) -> 0 | G41: =F41-E41 -> 0 | H41: =(F41/E41)*100 -> #DIV/0!
A42: транспортні витрати | B42: 1061 | C42: ( ) | D42: ( ) | E42: ( ) | F42: ( ) | G42: =F42-E42 -> #VALUE! | H42: =(F42/E42)*100 -> #VALUE!
A43: витрати на зберігання та упаковку | B43: 1062 | C43: ( ) | D43: ( ) | E43: ( ) | F43: ( ) | G43: =F43-E43 -> #VALUE! | H43: =(F43/E43)*100 -> #VALUE!
A44: витрати на оплату праці | B44: 1063 | C44: ( ) | D44: ( ) | E44: ( ) | F44: ( ) | G44: =F44-E44 -> #VALUE! | H44: =(F44/E44)*100 -> #VALUE!
A45: відрахування на соціальні заходи | B45: 1064 | C45: ( ) | D45: ( ) | E45: ( ) | F45: ( ) | G45: =F45-E45 -> #VALUE! | H45: =(F45/E45)*100 -> #VALUE!
A46: амортизація основних засобів і нематеріальних активів | B46: 1065 | C46: ( ) | D46: ( ) | E46: ( ) | F46: ( ) | G46: =F46-E46 -> #VALUE! | H46: =(F46/E46)*100 -> #VALUE!
A47: витрати на рекламу | B47: 1066 | C47: ( ) | D47: ( ) | E47: ( ) | F47: ( ) | G47: =F47-E47 -> #VALUE! | H47: =(F47/E47)*100 -> #VALUE!
A48: інші витрати на збут (розшифрувати) | B48: 1067 | C48: ( ) | D48: ( ) | E48: ( ) | F48: ( ) | G48: =F48-E48 -> #VALUE! | H48: =(F48/E48)*100 -> #VALUE!
A49: Інші операційні доходи, усього, у тому числі: | B49: 1070 | C49: =SUM(C50:C53) -> 9654.4 | D49: =SUM(D50:D53) -> 9542.6 | E49: =SUM(E50:E53) -> 13260 | F49: =SUM(F50:F53) -> 9542.6 | G49: =F49-E49 -> -3717.4 | H49: =(F49/E49)*100 -> 71.965309
A50: курсові різниці | B50: 1071 | G50: =F50-E50 -> 0 | H50: =(F50/E50)*100 -> #DIV/0!
A51: Інші надходження (безоплатно отримані)
A52: нетипові операційні доходи (оприбутковано матеріали внаслідок списання основних засобів) | B52: 1072 | G52: =F52-E52 -> 0 | H52: =(F52/E52)*100 -> #DIV/0!
A53: інші операційні доходи (цільове фінансування) | B53: 1073 | C53: 9654.4 | D53: 9542.6 | E53: =SUM('ІІІ. Рух грош. коштів'!E11) -> 13260 | F53: =SUM(D53) -> 9542.6 | G53: =F53-E53 -> -3717.4 | H53: =(F53/E53)*100 -> 71.965309
A54: Інші операційні витрати, усього, у тому числі: | B54: 1080 | C54: =SUM(C55:C61) -> -1742.1 | D54: =SUM(D55:D61) -> -1484.7 | E54: =E61+E74 -> -4.7 | F54: =SUM(F55:F61) -> -1484.7 | G54: =F54-E54 -> -1480 | H54: =(F54/E54)*100 -> 31589.362
A55: курсові різниці | B55: 1081 | C55: ( ) | D55: ( ) | E55: ( ) | F55: ( ) | G55: =F55-E55 -> #VALUE! | H55: =(F55/E55)*100 -> #VALUE!
A56: нетипові операційні витрати (розшифрувати) | B56: 1082 | E56: ( ) | F56: =SUM(D56) -> 0 | G56: =F56-E56 -> #VALUE! | H56: =(F56/E56)*100 -> #VALUE!
A57: витрати на благодійну допомогу | B57: 1083 | C57: ( ) | D57: ( ) | E57: ( ) | F57: ( ) | G57: =F57-E57 -> #VALUE! | H57: =(F57/E57)*100 -> #VALUE!
A58: відрахування до резерву сумнівних боргів | B58: 1084 | C58: ( ) | D58: ( ) | E58: ( ) | F58: ( ) | G58: =F58-E58 -> #VALUE! | H58: =(F58/E58)*100 -> #VALUE!
A59: відрахування до недержавних пенсійних фондів | B59: 1085 | C59: ( ) | D59: ( ) | F59: ( ) | G59: =F59-E59 -> #VALUE! | H59: =(F59/E59)*100 -> #VALUE!
A60: інші операційні витрати | C60: -1738.5 | D60: -1480.8 | F60: =D60 -> -1480.8 | G60: =F60-E60 -> -1480.8 | H60: =(F60/E60)*100 -> #DIV/0!
A61: інші витрати (комісія банку) | B61: 1086 | C61: -3.6 | D61: -3.9 | E61: =-2.36+(-2.34) -> -4.7 | F61: =D61 -> -3.9 | G61: =F61-E61 -> 0.8 | H61: =(F61/E61)*100 -> 82.978723
A62: Фінансовий результат від операційної діяльності | B62: 1100 | C62: =SUM(C17,C18,C49,C54,C67,C70) -> 0.6 | D62: =SUM(D17,D18,D49,D54,D67) -> 6.8 | E62: =SUM(E17,E18,E49,E54,E67) -> 2.5 | F62: =SUM(F17,F18,F49,F54,F67) -> 6.8 | G62: =F62-E62 -> 4.3 | H62: =(F62/E62)*100 -> 272
A63: Дохід від участі в капіталі (розшифрувати) | B63: 1110 | G63: =F63-E63 -> 0 | H63: =(F63/E63)*100 -> #DIV/0!
A64: Втрати від участі в капіталі (розшифрувати) | B64: 1120 | C64: ( ) | D64: ( ) | E64: ( ) | F64: ( ) | G64: =F64-E64 -> #VALUE! | H64: =(F64/E64)*100 -> #VALUE!
A65: Інші фінансові доходи (розшифрувати) | B65: 1130 | G65: =F65-E65 -> 0 | H65: =(F65/E65)*100 -> #DIV/0!
A66: Фінансові витрати (розшифрувати) | B66: 1140 | C66: ( ) | D66: ( ) | E66: ( ) | F66: ( ) | G66: =F66-E66 -> #VALUE! | H66: =(F66/E66)*100 -> #VALUE!
A67: Інші доходи, усього, у тому числі: | B67: 1150 | C67: =C68+C69 -> 12 | D67: =D68+D69 -> 94.5 | E67: =E68+E69 -> 0 | F67: =F68+F69 -> 94.5 | G67: =F67-E67 -> 94.5 | H67: =(F67/E67)*100 -> #DIV/0!
A68: курсові різниці | B68: 1151 | G68: =F68-E68 -> 0 | H68: =(F68/E68)*100 -> #DIV/0!
A69: інші доходи (безоплатні отримані) | B69: 1152 | C69: 12 | D69: 94.5 | F69: 94.5 | H69: =(F69/E69)*100 -> #DIV/0!
A70: Інші витрати, усього, у тому числі: | B70: 1160 | C70: =SUM(C71:C72) -> 0 | D70: =SUM(D71:D72) -> 0 | E70: =SUM(E71:E72) -> 0 | F70: =SUM(F71:F72) -> 0 | G70: =F70-E70 -> 0 | H70: =(F70/E70)*100 -> #DIV/0!
A71: курсові різниці | B71: 1161 | C71: ( ) | D71: ( ) | E71: ( ) | F71: ( ) | H71: =(F71/E71)*100 -> #VALUE!
A72: інші витрати (розшифрувати) | B72: 1162 | D72: - | E72: ( ) | F72: ( ) | G72: =F72-E72 -> #VALUE! | H72: =(F72/E72)*100 -> #VALUE!
A73: Фінансовий результат до оподаткування | B73: 1170 | C73: =SUM(C62) -> 0.6 | D73: =SUM(D62) -> 6.8 | E73: =SUM(E62) -> 2.5 | F73: =SUM(F62) -> 6.8 | G73: =F73-E73 -> 4.3 | H73: =(F73/E73)*100 -> 272
A74: Витрати з податку на прибуток | B74: 1180 | G74: =F74-E74 -> 0 | H74: =(F74/E74)*100 -> #DIV/0!
A75: Дохід з податку на прибуток | B75: 1181 | H75: =(F75/E75)*100 -> #DIV/0!
A76: Прибуток від припиненої діяльності після оподаткування | B76: 1190 | H76: =(F76/E76)*100 -> #DIV/0!
A77: Збиток від припиненої діяльності після оподаткування | B77: 1191 | C77: ( ) | D77: ( ) | E77: ( ) | F77: ( ) | G77: =F77-E77 -> #VALUE! | H77: =(F77/E77)*100 -> #VALUE!
A78: Чистий фінансовий результат, у тому числі: | B78: 1200 | C78: =SUM(C73,C74,C75,C76,C77) -> 0.6 | D78: =SUM(D73,D74,D75,D76,D77) -> 6.8 | E78: =SUM(E73,E74,E75,E76,E77) -> 2.5 | F78: =SUM(F73,F74,F75,F76,F77) -> 6.8 | G78: =F78-E78 -> 4.3 | H78: =(F78/E78)*100 -> 272
A79: прибуток | B79: 1201 | G79: =F79-E79 -> 0 | H79: =(F79/E79)*100 -> #DIV/0!
A80: збиток | B80: 1202 | G80: =F80-E80 -> 0 | H80: =(F80/E80)*100 -> #DIV/0!
A81: Усього доходів | B81: 1210 | C81: =SUM(C7,C49,C63,C65,C67,C75,C76) -> 9679.5 | D81: =SUM(D7,D49,D63,D65,D67,D75,D76) -> 9663.8 | E81: =SUM(E7,E49,E63,E65,E67,E75,E76) -> 13275 | F81: =SUM(F7,F49,F63,F65,F67,F75,F76) -> 9663.8 | G81: =F81-E81 -> -3611.2 | H81: =(F81/E81)*100 -> 72.796987
A82: Усього витрат | B82: 1220 | C82: =SUM(C8,C18,C41,C54,C64,C66,C70,C74,C77) -> -9678.9 | D82: =SUM(D8,D18,D41,D54,D64,D66,D70,D77) -> -9657 | E82: =SUM(E8,E18,E41,E54,E64,E66,E70,E77) -> -13272.5 | F82: =SUM(F8,F18,F41,F54,F64,F66,F70,F77) -> -9657 | G82: =F82-E82 -> 3615.5 | H82: =(F82/E82)*100 -> 72.759465
A83: Неконтрольована частка | B83: 1230 | G83: =F83-E83 -> 0 | H83: =(F83/E83)*100 -> #DIV/0!
A84: Розрахунок показника EBITDA
A85: Фінансовий результат від операційної діяльності, рядок 1100 | B85: 1300 | C85: =C62 -> 0.6 | D85: =D62 -> 6.8 | E85: =E62 -> 2.5 | F85: =F62 -> 6.8 | G85: =F85-E85 -> 4.3 | H85: =(F85/E85)*100 -> 272
A86: плюс амортизація, рядок 1430 | B86: 1301 | G86: =F86-E86 -> 0 | H86: =(F86/E86)*100 -> #DIV/0!
A87: мінус операційні доходи від курсових різниць, рядок 1071 | B87: 1302 | C87: =C50 -> 0 | D87: =D50 -> 0 | E87: =E50 -> 0 | F87: =F50 -> 0 | G87: =F87-E87 -> 0 | H87: =(F87/E87)*100 -> #DIV/0!
A88: плюс операційні витрати від курсових різниць, рядок 1081 | B88: 1303 | C88: =C55 -> ( ) | D88: =D55 -> ( ) | E88: =E55 -> ( ) | F88: =F55 -> ( ) | G88: =F88-E88 -> #VALUE! | H88: =(F88/E88)*100 -> #VALUE!
A89: мінус значні нетипові операційні доходи, рядок 1072 | B89: 1304 | C89: =C52 -> 0 | D89: =D52 -> 0 | E89: =E52 -> 0 | F89: =F52 -> 0 | H89: =(F89/E89)*100 -> #DIV/0!
A90: плюс значні нетипові операційні витрати, рядок 1082 | B90: 1305 | C90: =C56 -> 0 | D90: =D56 -> 0 | E90: =E56 -> ( ) | F90: =F56 -> 0 | G90: =F90-E90 -> #VALUE! | H90: =(F90/E90)*100 -> #VALUE!
A91: EBITDA | B91: 1310 | C91: =C85+C86-C87-C88-C89-C90 -> #VALUE! | D91: =D85+D86-D87-D88-D89-D90 -> #VALUE! | E91: =E85+E86-E87-E88-E89-E90 -> #VALUE! | F91: =F85+F86-F87-F88-F89-F90 -> #VALUE! | G91: =F91-E91 -> #VALUE! | H91: =(F91/E91)*100 -> #VALUE!
A92: Елементи операційних витрат
A93: Матеріальні витрати, у тому числі: | B93: 1400 | C93: =SUM(C94,C95) -> 3275.32 | D93: =SUM(D94,D95) -> 2792.6 | E93: =SUM(E94,E95) -> 6211.48 | F93: =SUM(F94,F95) -> 2792.6 | G93: =F93-E93 -> -3418.88 | H93: =(F93/E93)*100 -> 44.958689
A94: витрати на сировину та основні матеріали | B94: 1401 | C94: 2206.72 | D94: 1645.83 | E94: =-SUM(E9) -> 4432.48 | F94: =SUM(D94) -> 1645.83 | G94: =F94-E94 -> -2786.65 | H94: =(F94/E94)*100 -> 37.131132
A95: витрати на паливо та енергію | B95: 1402 | C95: 1068.6 | D95: =-SUM(D10,D11) -> 1146.77 | E95: =-SUM(E10,E11) -> 1779 | F95: =SUM(D95) -> 1146.77 | G95: =F95-E95 -> -632.23 | H95: =(F95/E95)*100 -> 64.461495
A96: Витрати на оплату праці | B96: 1410 | C96: 5302.7 | D96: =-SUM(D12) -> 5705.8 | E96: =-SUM(E12) -> 5784.5 | F96: =SUM(D96) -> 5705.8 | G96: =F96-E96 -> -78.7 | H96: =(F96/E96)*100 -> 98.639468
A97: Відрахування на соціальні заходи | B97: 1420 | C97: 1089.6 | D97: =-SUM(D13) -> 1154.7 | E97: =-SUM(E13) -> 1272.56 | F97: =SUM(D97) -> 1154.7 | G97: =F97-E97 -> -117.86 | H97: =(F97/E97)*100 -> 90.738354
A98: Амортизація | B98: 1430 | G98: =F98-E98 -> 0 | H98: =(F98/E98)*100 -> #DIV/0!
A99: Інші операційні витрати | B99: 1440 | D99: 3.9 | E99: 4 | F99: =SUM(D99) -> 3.9 | G99: =F99-E99 -> -0.1 | H99: =(F99/E99)*100 -> 97.5
A100: Усього | B100: 1450 | C100: =SUM(C93,C96:C99) -> 9667.62 | D100: =SUM(D93,D96:D99) -> 9657 | E100: =SUM(E93,E96:E99) -> 13272.54 | F100: =SUM(F93,F96:F99) -> 9657 | G100: =F100-E100 -> -3615.54 | H100: =(F100/E100)*100 -> 72.759246
A104: Начальник КП "Благоустрій-Р" | C104: _____________________________ | F104: В.В.Миць
...

Sheet ІІ. Розр. з бюджетом
A1: IІ. Розрахунки з бюджетом
A3: Найменування показника | B3: Код рядка | C3: Факт наростаючим підсумком з початку року | E3: Звітний період (квартал, рік)
C4: минулий рік | D4: поточний рік | E4: план | F4: факт | G4: відхилення, +/– | H4: виконання, %
A5: 1 | B5: 2 | C5: 3 | D5: 4 | E5: 5 | F5: 6 | G5: 7 | H5: 8
A6: Розподіл чистого прибутку
A7: Залишок нерозподіленого прибутку (непокритого збитку) на початок звітного періоду | B7: 2000 | D7: - | F7: - | G7: =F7-E7 -> #VALUE! | H7: =(F7/E7)*100 -> #VALUE!
A8: Нараховані до сплати відрахування частини чистого прибутку, усього, у тому числі: | B8: 2010 | C8: =SUM(C9:C10) -> 0 | D8: =SUM(D9:D10) -> 0 | E8: =SUM(E9:E10) -> 0 | F8: =SUM(F9:F10) -> 0 | G8: =F8-E8 -> 0 | H8: =(F8/E8)*100 -> #DIV/0!
A9: державними унітарними підприємствами та їх об'єднаннями до державного бюджету | B9: 2011 | C9: ( ) | D9: ( ) | E9: ( ) | F9: ( ) | G9: =F9-E9 -> #VALUE! | H9: =(F9/E9)*100 -> #VALUE!
A10: господарськими товариствами, у статутному капіталі яких більше 50 відсотків акцій (часток, паїв) належать державі, на виплату дивідендів | B10: 2012 | C10: ( ) | D10: ( ) | E10: ( ) | F10: ( ) | G10: =F10-E10 -> #VALUE! | H10: =(F10/E10)*100 -> #VALUE!
A11: у тому числі на державну частку | B11: 2012/1 | C11: ( ) | D11: ( ) | E11: ( ) | F11: ( ) | G11: =F11-E11 -> #VALUE! | H11: =(F11/E11)*100 -> #VALUE!
A12: Перенесено з додаткового капіталу | B12: 2020 | G12: =F12-E12 -> 0 | H12: =(F12/E12)*100 -> #DIV/0!
A13: Розвиток виробництва | B13: 2030 | C13: ( ) | D13: ( ) | E13: ( ) | F13: ( ) | G13: =F13-E13 -> #VALUE! | H13: =(F13/E13)*100 -> #VALUE!
A14: у тому числі за основними видами діяльності за КВЕД | B14: 2031 | C14: ( ) | D14: ( ) | E14: ( ) | F14: ( ) | G14: =F14-E14 -> #VALUE! | H14: =(F14/E14)*100 -> #VALUE!
A15: Резервний фонд | B15: 2040 | C15: ( ) | D15: ( ) | E15: ( ) | F15: ( ) | G15: =F15-E15 -> #VALUE! | H15: =(F15/E15)*100 -> #VALUE!
A16: Інші фонди (розшифрувати) | B16: 2050 | C16: ( ) | D16: ( ) | E16: ( ) | F16: ( ) | G16: =F16-E16 -> #VALUE! | H16: =(F16/E16)*100 -> #VALUE!
A17: Інші цілі (розшифрувати) | B17: 2060 | C17: ( ) | D17: ( ) | E17: ( ) | F17: ( ) | G17: =F17-E17 -> #VALUE! | H17: =(F17/E17)*100 -> #VALUE!
A18: Залишок нерозподіленого прибутку (непокритого збитку) на кінець звітного періоду | B18: 2070 | D18: - | E18: =E7+'I. Фін результат'!E80 -> 0 | F18: - | G18: =F18-E18 -> #VALUE! | H18: =(F18/E18)*100 -> #VALUE!
A19: Сплата податків, зборів та інших обов'язкових платежів
A20: Сплата податків та зборів до Державного бюджету України (податкові платежі), усього, у тому числі: | B20: 2110 | C20: =SUM(C21:C29) -> 0 | D20: =SUM(D21:D29) -> 0 | E20: =SUM(E21:E29) -> 0 | F20: =SUM(F21:F29) -> 0 | G20: =F20-E20 -> 0 | H20: =(F20/E20)*100 -> #DIV/0!
A21: податок на прибуток підприємств | B21: 2111 | G21: =F21-E21 -> 0 | H21: =(F21/E21)*100 -> #DIV/0!
A22: ПДВ, що підлягає сплаті до бюджету за підсумками звітного періоду | B22: 2112 | G22: =F22-E22 -> 0 | H22: =(F22/E22)*100 -> #DIV/0!
A23: ПДВ, що підлягає відшкодуванню з бюджету за підсумками звітного періоду | B23: 2113 | C23: ( ) | D23: ( ) | E23: ( ) | F23: ( ) | G23: =F23-E23 -> #VALUE! | H23: =(F23/E23)*100 -> #VALUE!
A24: акцизний податок | B24: 2114 | G24: =F24-E24 -> 0 | H24: =(F24/E24)*100 -> #DIV/0!
A25: відрахування частини чистого прибутку державними унітарними підприємствами та їх об'єднаннями | B25: 2115 | G25: =F25-E25 -> 0 | H25: =(F25/E25)*100 -> #DIV/0!
A26: рентна плата за транспортування | B26: 2116 | G26: =F26-E26 -> 0 | H26: =(F26/E26)*100 -> #DIV/0!
A27: рентна плата за користування надрами | B27: 2117 | G27: =F27-E27 -> 0 | H27: =(F27/E27)*100 -> #DIV/0!
A28: податок на доходи фізичних осіб | B28: 2118 | G28: =F28-E28 -> 0 | H28: =(F28/E28)*100 -> #DIV/0!
A29: інші податки та збори (розшифрувати) | B29: 2119 | G29: =F29-E29 -> 0 | H29: =(F29/E29)*100 -> #DIV/0!
A30: Сплата податків та зборів до місцевих бюджетів (податкові платежі), усього, у тому числі: | B30: 2120 | C30: =SUM(C31:C34) -> 0 | D30: =SUM(D31:D34) -> 0 | E30: =SUM(E31:E34) -> 0 | F30: =SUM(F31:F34) -> 0 | G30: =F30-E30 -> 0 | H30: =(F30/E30)*100 -> #DIV/0!
A31: податок на доходи фізичних осіб | B31: 2121 | H31: =(F31/E31)*100 -> #DIV/0!
A32: земельний податок | B32: 2122 | H32: =(F32/E32)*100 -> #DIV/0!
A33: орендна плата | B33: 2123 | H33: =(F33/E33)*100 -> #DIV/0!
A34: інші податки та збори (розшифрувати) | B34: 2124 | G34: =F34-E34 -> 0 | H34: =(F34/E34)*100 -> #DIV/0!
A35: Інші податки, збори та платежі на користь держави, усього, у тому числі: | B35: 2130 | C35: =SUM(C36:C39) -> 0 | D35: =SUM(D36:D39) -> 0 | E35: =SUM(E36:E39) -> 0 | F35: =SUM(F36:F39) -> 0 | G35: =F35-E35 -> 0 | H35: =(F35/E35)*100 -> #DIV/0!
A36: відрахування частини чистого прибутку господарськими товариствами, у статутному капіталі яких більше 50 відсотків акцій (часток, паїв) належать державі, на виплату дивідендів на державну частку | B36: 2131 | G36: =F36-E36 -> 0 | H36: =(F36/E36)*100 -> #DIV/0!
A37: митні платежі | B37: 2132 | G37: =F37-E37 -> 0 | H37: =(F37/E37)*100 -> #DIV/0!
A38: єдиний внесок на загальнообов'язкове державне соціальне страхування | B38: 2133 | G38: =F38-E38 -> 0 | H38: =(F38/E38)*100 -> #DIV/0!
A39: інші податки, збори та платежі (розшифрувати) | B39: 2134 | H39: =(F39/E39)*100 -> #DIV/0!
A40: Погашення податкового боргу, усього, у тому числі: | B40: 2140 | C40: =SUM(C41:C42) -> 0 | D40: =SUM(D41:D42) -> 0 | E40: =SUM(E41:E42) -> 0 | F40: =SUM(F41:F42) -> 0 | H40: =(F40/E40)*100 -> #DIV/0!
A41: погашення реструктуризованих та відстрочених сум, що підлягають сплаті в поточному році до бюджетів та державних цільових фондів | B41: 2141 | H41: =(F41/E41)*100 -> #DIV/0!
A42: інші (штрафи, пені, неустойки) (розшифрувати) | B42: 2142 | G42: =F42-E42 -> 0 | H42: =(F42/E42)*100 -> #DIV/0!
A43: Усього виплат на користь держави | B43: 2200 | C43: =SUM(C20,C30,C35,C40) -> 0 | D43: =SUM(D20,D30,D35,D40) -> 0 | E43: =SUM(E20,E30,E35,E40) -> 0 | F43: =SUM(F20,F30,F35,F40) -> 0 | G43: =F43-E43 -> 0 | H43: =(F43/E43)*100 -> #DIV/0!
A47: Начальник КП "Благоустрій - Р" | C47: __________________________ | F47: В. В. Миць
A48: (посада) | C48: (підпис) | F48: (ініціали, прізвище)

Sheet ІІІ. Рух грош. коштів
A1: ІІІ. Рух грошових коштів (за прямим методом)
A3: Найменування показника | B3: Код рядка | C3: Факт наростаючим підсумком з початку року | E3: Звітний період (квартал, рік)
C4: минулий рік | D4: поточний рік | E4: план | F4: факт | G4: відхилення, +/– | H4: виконання, %
A5: 1 | B5: 2 | C5: 3 | D5: 4 | E5: 5 | F5: 6 | G5: 7 | H5: 8
A6: І. Рух коштів у результаті операційної діяльності
A7: Надходження грошових коштів від операційної діяльності | B7: 3000 | C7: =SUM(C8:C13,C17) -> 9679.9 | D7: =SUM(D8:D13,D17) -> 9663.8 | E7: =SUM(E8:E13,E17) -> 13275 | F7: =SUM(D7) -> 9663.8 | G7: =F7-E7 -> -3611.2 | H7: =(F7/E7)*100 -> 72.796987
A8: Виручка від реалізації продукції (товарів, робіт, послуг) | B8: 3010 | C8: 13.1 | D8: 26.7 | E8: =7.5+7.5 -> 15 | F8: =SUM(D8) -> 26.7 | G8: =F8-E8 -> 11.7 | H8: =(F8/E8)*100 -> 178
A9: Повернення податків і зборів, у тому числі: | B9: 3020 | F9: =SUM(D9) -> 0 | G9: =F9-E9 -> 0 | H9: =(F9/E9)*100 -> #DIV/0!
A10: податку на додану вартість | B10: 3021 | F10: =SUM(D10) -> 0 | G10: =F10-E10 -> 0 | H10: =(F10/E10)*100 -> #DIV/0!
A11: Цільове фінансування | B11: 3030 | C11: 9666.8 | D11: 9542.6 | E11: =6630+6630 -> 13260 | F11: =SUM(D11) -> 9542.6 | G11: =F11-E11 -> -3717.4 | H11: =(F11/E11)*100 -> 71.965309
A12: Надходження авансів від покупців і замовників | B12: 3040 | F12: =SUM(D12) -> 0 | G12: =F12-E12 -> 0 | H12: =(F12/E12)*100 -> #DIV/0!
A13: Отримання коштів за короткостроковими зобов'язаннями, у тому числі: | B13: 3050 | C13: =SUM(C14:C16) -> 0 | D13: =SUM(D14:D16) -> 0 | E13: =SUM(E14:E16) -> 0 | F13: =SUM(D13) -> 0 | G13: =F13-E13 -> 0 | H13: =(F13/E13)*100 -> #DIV/0!
A14: кредити | B14: 3051 | F14: =SUM(D14) -> 0 | G14: =F14-E14 -> 0 | H14: =(F14/E14)*100 -> #DIV/0!
A15: позики | B15: 3052 | F15: =SUM(D15) -> 0 | G15: =F15-E15 -> 0 | H15: =(F15/E15)*100 -> #DIV/0!
A16: облігації | B16: 3053 | F16: =SUM(D16) -> 0 | G16: =F16-E16 -> 0 | H16: =(F16/E16)*100 -> #DIV/0!
A17: Інші надходження (безоплатно отримані) | B17: 3060 | D17: 94.5 | F17: =SUM(D17) -> 94.5 | G17: =F17-E17 -> 94.5 | H17: =(F17/E17)*100 -> #DIV/0!
A18: Видатки грошових коштів від операційної діяльності | B18: 3100 | C18: =SUM(C19:C21,C25,C35,C36) -> -9678.9 | D18: =SUM(D19:D21,D25,D35,D36) -> -9656.9962 | E18: =SUM(E19:E21,E25,E35,E36) -> -13272.476 | F18: =SUM(F19:F21,F25,F35,F36) -> -9656.9962 | G18: =F18-E18 -> 3615.48 | H18: =(F18/E18)*100 -> 72.759567
A19: Розрахунки за продукцію (товари, роботи та послуги) | B19: 3110 | C19: -3286.6 | D19: =-2792.6 -> -2792.6 | E19: =-3105.7+(-3105.6) -> -6211.3 | F19: =SUM(D19) -> -2792.6 | G19: =F19-E19 -> 3418.7 | H19: =(F19/E19)*100 -> 44.959992
A20: Розрахунки з оплати праці | B20: 3120 | C20: -6392.3 | D20: =-SUM('6.1. Інша інфо_1'!I19:K19) -> -6860.4962 | E20: =-SUM('6.1. Інша інфо_1'!F19:H19) -> -7057.0162 | F20: =SUM(D20) -> -6860.4962 | G20: =F20-E20 -> 196.52 | H20: =(F20/E20)*100 -> 97.215254
A21: Повернення коштів за короткостроковими зобов'язаннями, у тому числі: | B21: 3130 | C21: =SUM(C22:C24) -> 0 | D21: =SUM(D22:D24) -> 0 | E21: =SUM(E22:E24) -> 0 | F21: =SUM(F22:F24) -> 0 | G21: =F21-E21 -> 0 | H21: =(F21/E21)*100 -> #DIV/0!
A22: кредити | B22: 3131 | C22: ( ) | D22: ( ) | E22: ( ) | F22: ( ) | G22: =F22-E22 -> #VALUE! | H22: =(F22/E22)*100 -> #VALUE!
A23: позики | B23: 3132 | C23: ( ) | D23: ( ) | E23: ( ) | F23: ( ) | G23: =F23-E23 -> #VALUE! | H23: =(F23/E23)*100 -> #VALUE!
A24: облігації | B24: 3133 | C24: ( ) | D24: ( ) | E24: ( ) | F24: ( ) | G24: =F24-E24 -> #VALUE! | H24: =(F24/E24)*100 -> #VALUE!
A25: Зобов’язання з податків, зборів та інших обов’язкових платежів, у тому числі: | B25: 3140 | C25: =SUM(C26:C31,C34) -> 0 | D25: =SUM(D26:D31,D34) -> 0 | E25: =SUM(E26:E31,E34) -> 0 | F25: =SUM(F26:F31,F34) -> 0 | G25: =F25-E25 -> 0 | H25: =(F25/E25)*100 -> #DIV/0!
A26: податок на прибуток підприємств | B26: 3141 | G26: =F26-E26 -> 0 | H26: =(F26/E26)*100 -> #DIV/0!
A27: податок на додану вартість | B27: 3142 | C27: ( ) | D27: ( ) | F27: ( ) | G27: =F27-E27 -> #VALUE! | H27: =(F27/E27)*100 -> #VALUE!
A28: акцизний податок | B28: 3143 | C28: ( ) | D28: ( ) | E28: ( ) | F28: ( ) | G28: =F28-E28 -> #VALUE! | H28: =(F28/E28)*100 -> #VALUE!
A29: рентна плата | B29: 3144 | C29: ( ) | D29: ( ) | E29: ( ) | F29: ( ) | G29: =F29-E29 -> #VALUE! | H29: =(F29/E29)*100 -> #VALUE!
A30: податок на доходи фізичних осіб | B30: 3145 | C30: ( ) | D30: ( ) | E30: =D30 -> ( ) | F30: =E30 -> ( ) | G30: =F30-E30 -> #VALUE! | H30: =(F30/E30)*100 -> #VALUE!
A31: інші обов’язкові платежі, у тому числі: | B31: 3146 | C31: =SUM(C32,C33) -> 0 | D31: =SUM(D32,D33) -> 0 | E31: =SUM(E32,E33) -> 0 | F31: =SUM(F32,F33) -> 0 | G31: =F31-E31 -> 0 | H31: =(F31/E31)*100 -> #DIV/0!
A32: відрахування частини чистого прибутку державними підприємствами | B32: 3146/1 | C32: ( ) | D32: ( ) | E32: ( ) | F32: ( ) | G32: =F32-E32 -> #VALUE! | H32: =(F32/E32)*100 -> #VALUE!
A33: відрахування частини чистого прибутку до фонду на виплату дивідендів на державну частку господарськими товариствами | B33: 3146/2 | C33: ( ) | D33: ( ) | E33: ( ) | F33: ( ) | G33: =F33-E33 -> #VALUE! | H33: =(F33/E33)*100 -> #VALUE!
A34: інші платежі (екологічний податок) | B34: 3150 | G34: =F34-E34 -> 0 | H34: =(F34/E34)*100 -> #DIV/0!
A35: Повернення коштів до бюджету | B35: 3160 | C35: ( ) | D35: ( ) | E35: ( ) | F35: ( ) | G35: =F35-E35 -> #VALUE! | H35: =(F35/E35)*100 -> #VALUE!
A36: Інші витрати (комісія банку) | B36: 3170 | D36: -3.9 | E36: =-2.08+(-2.08) -> -4.16 | F36: =SUM(D36) -> -3.9 | G36: =F36-E36 -> 0.26 | H36: =(F36/E36)*100 -> 93.75
A37: Чистий рух коштів від операційної діяльності | B37: 3195 | C37: =SUM(C7,C18) -> 1 | D37: =SUM(D7,D18) -> 6.80384 | E37: =SUM(E7,E18) -> 2.52384 | F37: =SUM(F7,F18) -> 6.80384 | G37: =F37-E37 -> 4.28 | H37: =(F37/E37)*100 -> 269.58286
A38: II. Рух коштів у результаті інвестиційної діяльності | G38: =F38-E38 -> 0 | H38: =(F38/E38)*100 -> #DIV/0!
A39: Надходження грошових коштів від інвестиційної діяльності | B39: 3200 | C39: =SUM(C40:C43) -> 0 | D39: =SUM(D40:D43) -> 0 | E39: =SUM(E40:E43) -> 0 | F39: =SUM(F40:F43) -> 0 | G39: =F39-E39 -> 0 | H39: =(F39/E39)*100 -> #DIV/0!
A40: Виручка від реалізації фінансових інвестицій | B40: 3210 | G40: =F40-E40 -> 0 | H40: =(F40/E40)*100 -> #DIV/0!
A41: Виручка від реалізації необоротних активів | B41: 3220 | G41: =F41-E41 -> 0 | H41: =(F41/E41)*100 -> #DIV/0!
A42: Надходження від продажу акцій та облігацій | B42: 3230 | G42: =F42-E42 -> 0 | H42: =(F42/E42)*100 -> #DIV/0!
A43: Інші надходження (розшифрувати) | B43: 3240 | G43: =F43-E43 -> 0 | H43: =(F43/E43)*100 -> #DIV/0!
A44: Видатки грошових коштів від інвестиційної діяльності | B44: 3255 | C44: =SUM(C45:C49) -> 0 | D44: =SUM(D45:D49) -> 0 | E44: =SUM(E45:E49) -> 0 | F44: =SUM(F45:F49) -> 0 | G44: =F44-E44 -> 0 | H44: =(F44/E44)*100 -> #DIV/0!
A45: Придбання (створення) основних засобів (розшифрувати) | B45: 3260 | C45: ( ) | D45: ( ) | E45: ( ) | F45: ( ) | G45: =F45-E45 -> #VALUE! | H45: =(F45/E45)*100 -> #VALUE!
A46: Капітальне будівництво (розшифрувати) | B46: 3265 | C46: ( ) | D46: ( ) | E46: ( ) | F46: ( ) | G46: =F46-E46 -> #VALUE! | H46: =(F46/E46)*100 -> #VALUE!
A47: Придбання (створення) нематеріальних активів (розшифрувати) | B47: 3270 | C47: ( ) | D47: ( ) | E47: ( ) | F47: ( ) | G47: =F47-E47 -> #VALUE! | H47: =(F47/E47)*100 -> #VALUE!
A48: Придбання акцій та облігацій | B48: 3275 | C48: ( ) | D48: ( ) | E48: ( ) | F48: ( ) | G48: =F48-E48 -> #VALUE! | H48: =(F48/E48)*100 -> #VALUE!
A49: Інші витрати (розшифрувати) | B49: 3280 | C49: ( ) | D49: ( ) | E49: ( ) | F49: ( ) | G49: =F49-E49 -> #VALUE! | H49: =(F49/E49)*100 -> #VALUE!
A50: Чистий рух коштів від інвестиційної діяльності | B50: 3295 | C50: =SUM(C39,C44) -> 0 | D50: =SUM(D39,D44) -> 0 | E50: =SUM(E39,E44) -> 0 | F50: =SUM(F39,F44) -> 0 | G50: =F50-E50 -> 0 | H50: =(F50/E50)*100 -> #DIV/0!
A51: III. Рух коштів у результаті фінансової діяльності | G51: =F51-E51 -> 0 | H51: =(F51/E51)*100 -> #DIV/0!
A52: Надходження грошових коштів від фінансової діяльності | B52: 3300 | C52: =SUM(C53,C54,C58) -> 0 | D52: =SUM(D53,D54,D58) -> 0 | E52: =SUM(E53,E54,E58) -> 0 | F52: =SUM(F53,F54,F58) -> 0 | G52: =F52-E52 -> 0 | H52: =(F52/E52)*100 -> #DIV/0!
A53: Надходження від власного капіталу | B53: 3310 | G53: =F53-E53 -> 0 | H53: =(F53/E53)*100 -> #DIV/0!
A54: Отримання коштів за довгостроковими зобов'язаннями, у тому числі: | B54: 3320 | C54: =SUM(C55:C57) -> 0 | D54: =SUM(D55:D57) -> 0 | E54: =SUM(E55:E57) -> 0 | F54: =SUM(F55:F57) -> 0 | G54: =F54-E54 -> 0 | H54: =(F54/E54)*100 -> #DIV/0!
A55: кредити | B55: 3321 | G55: =F55-E55 -> 0 | H55: =(F55/E55)*100 -> #DIV/0!
A56: позики | B56: 3322 | G56: =F56-E56 -> 0 | H56: =(F56/E56)*100 -> #DIV/0!
A57: облігації | B57: 3323 | G57: =F57-E57 -> 0 | H57: =(F57/E57)*100 -> #DIV/0!
A58: Інші надходження (розшифрувати) | B58: 3340 | G58: =F58-E58 -> 0 | H58: =(F58/E58)*100 -> #DIV/0!
A59: Видатки грошових коштів від фінансової діяльності | B59: 3345 | C59: =SUM(C60,C61,C65,C66) -> 0 | D59: =SUM(D60,D61,D65,D66) -> 0 | E59: =SUM(E60,E61,E65,E66) -> 0 | F59: =SUM(F60,F61,F65,F66) -> 0 | G59: =F59-E59 -> 0 | H59: =(F59/E59)*100 -> #DIV/0!
A60: Витрачання на викуп власних акцій | B60: 3350 | C60: ( ) | D60: ( ) | E60: ( ) | F60: ( ) | G60: =F60-E60 -> #VALUE! | H60: =(F60/E60)*100 -> #VALUE!
A61: Повернення коштів за довгостроковими зобов'язаннями, у тому числі: | B61: 3360 | C61: =SUM(C62:C64) -> 0 | D61: =SUM(D62:D64) -> 0 | E61: =SUM(E62:E64) -> 0 | F61: =SUM(F62:F64) -> 0 | G61: =F61-E61 -> 0 | H61: =(F61/E61)*100 -> #DIV/0!
A62: кредити | B62: 3361 | C62: ( ) | D62: ( ) | E62: ( ) | F62: ( ) | G62: =F62-E62 -> #VALUE! | H62: =(F62/E62)*100 -> #VALUE!
A63: позики | B63: 3362 | C63: ( ) | D63: ( ) | E63: ( ) | F63: ( ) | G63: =F63-E63 -> #VALUE! | H63: =(F63/E63)*100 -> #VALUE!
A64: облігації | B64: 3363 | C64: ( ) | D64: ( ) | E64: ( ) | F64: ( ) | G64: =F64-E64 -> #VALUE! | H64: =(F64/E64)*100 -> #VALUE!
A65: Сплата дивідендів | B65: 3370 | C65: ( ) | D65: ( ) | E65: ( ) | F65: ( ) | G65: =F65-E65 -> #VALUE! | H65: =(F65/E65)*100 -> #VALUE!
A66: Інші витрати (розшифрувати) | B66: 3380 | C66: ( ) | D66: ( ) | E66: ( ) | F66: ( ) | G66: =F66-E66 -> #VALUE! | H66: =(F66/E66)*100 -> #VALUE!
A67: Чистий рух коштів від фінансової діяльності | B67: 3395 | C67: =SUM(C52,C59) -> 0 | D67: =SUM(D52,D59) -> 0 | E67: =SUM(E52,E59) -> 0 | F67: =SUM(F52,F59) -> 0 | G67: =F67-E67 -> 0 | H67: =(F67/E67)*100 -> #DIV/0!
A68: Чистий грошовий потік | B68: 3400 | C68: =SUM(C37,C50,C67) -> 1 | D68: =SUM(D37,D50,D67) -> 6.80384 | E68: =SUM(E37,E50,E67) -> 2.52384 | F68: =SUM(F37,F50,F67) -> 6.80384 | G68: =F68-E68 -> 4.28 | H68: =(F68/E68)*100 -> 269.58286
A69: Залишок коштів на початок періоду | B69: 3405 | G69: =F69-E69 -> 0 | H69: =(F69/E69)*100 -> #DIV/0!
A70: Вплив зміни валютних курсів на залишок коштів | B70: 3410 | G70: =F70-E70 -> 0 | H70: =(F70/E70)*100 -> #DIV/0!
A71: Залишок коштів на кінець періоду | B71: 3415 | C71: =SUM(C69,C68,C70) -> 1 | D71: =SUM(D69,D68,D70) -> 6.80384 | E71: =SUM(E69,E68,E70) -> 2.52384 | F71: =SUM(F69,F68,F70) -> 6.80384 | G71: =F71-E71 -> 4.28 | H71: =(F71/E71)*100 -> 269.58286
A73: Начальник КП "Благоустрій-Р" | C73: __________________________ | F73: В. В. Миць
A74: (посада) | C74: (підпис) | F74: (ініціали, прізвище)

Sheet IV. Кап. інвестиції
A1: IV. Капітальні інвестиції
A3: Найменування показника | B3: Код рядка | C3: Факт наростаючим підсумком з початку року | E3: Звітний період (квартал, рік)
C4: минулий рік | D4: поточний рік | E4: план | F4: факт | G4: відхилення, +/– | H4: виконання, %
A5: 1 | B5: 2 | C5: 3 | D5: 4 | E5: 5 | F5: 6 | G5: 7 | H5: 8
A6: Капітальні інвестиції, усього, у тому числі: | B6: 4000 | C6: =SUM(C8) -> 0 | D6: =SUM(D8) -> 54950 | E6: =SUM(E8) -> 54950 | F6: =SUM(F8) -> 54950 | G6: =F6-E6 -> 0 | H6: =(F6/E6)*100 -> 100
A7: капітальне будівництво | B7: 4010 | G7: =F7-E7 -> 0 | H7: =(F7/E7)*100 -> #DIV/0!
A8: придбання (виготовлення) основних засобів | B8: 4020 | D8: ='6.2. Інша інфо_2'!AD48 -> 54950 | E8: ='6.2. Інша інфо_2'!Q48 -> 54950 | F8: =SUM(E8) -> 54950 | G8: =F8-E8 -> 0 | H8: =(F8/E8)*100 -> 100
A9: придбання (виготовлення) інших необоротних матеріальних активів | B9: 4030 | G9: =F9-E9 -> 0 | H9: =(F9/E9)*100 -> #DIV/0!
A10: придбання (створення) нематеріальних активів | B10: 4040 | G10: =F10-E10 -> 0 | H10: =(F10/E10)*100 -> #DIV/0!
A11: модернізація, модифікація (добудова, дообладнання, реконструкція) основних засобів | B11: 4050 | G11: =F11-E11 -> 0 | H11: =(F11/E11)*100 -> #DIV/0!
A12: капітальний ремонт | B12: 4060 | G12: =F12-E12 -> 0 | H12: =(F12/E12)*100 -> #DIV/0!
A16: Начальник КП "Благоустрій-Р" | C16: __________________________ | F16: Миць В. В.
A17: (посада) | C17: (підпис) | F17: (ініціали, прізвище)

Sheet  V. Коефіцієнти
A1: V. Коефіцієнтний аналіз
A3: Найменування показника | B3: Код рядка | C3: Оптимальне значення | D3: Факт наростаючим підсумком з початку року | F3: Звітний період (квартал, рік) | H3: Примітки
D4: минулий рік | E4: поточний рік | F4: минулий рік | G4: поточний рік
A5: 1 | B5: 2 | C5: 3 | D5: 4 | E5: 5 | F5: 6 | G5: 7 | H5: 8
A6: Коефіцієнти рентабельності та прибутковості
A7: Валова рентабельність (валовий прибуток, рядок 1020 / чистий дохід від реалізації продукції (товарів, робіт, послуг), рядок 1000) х 100, % | B7: 5000 | C7: Збільшення | D7: -52266.524 | E7: =('Осн. фін. пок.'!D36/'Осн. фін. пок.'!D34)*100 -> -30507.865 | F7: =('Осн. фін. пок.'!E36/'Осн. фін. пок.'!E34)*100 -> -88352 | G7: =('Осн. фін. пок.'!F36/'Осн. фін. пок.'!F34)*100 -> -30507.865
A8: Рентабельність EBITDA (EBITDA, рядок 1310 / чистий дохід від реалізації продукції (товарів, робіт, послуг), рядок 1000) х 100, % | B8: 5010 | C8: Збільшення | D8: =('Осн. фін. пок.'!C52/'Осн. фін. пок.'!C34)*100 -> #VALUE! | E8: =('Осн. фін. пок.'!D52/'Осн. фін. пок.'!D34)*100 -> #VALUE! | F8: =('Осн. фін. пок.'!E52/'Осн. фін. пок.'!E34)*100 -> #VALUE! | G8: =('Осн. фін. пок.'!F52/'Осн. фін. пок.'!F34)*100 -> #VALUE!
A9: Рентабельність активів (чистий фінансовий результат, рядок 1200 / вартість активів, рядок 6020) х 100, % | B9: 5020 | C9: Збільшення | D9: =('Осн. фін. пок.'!C67/'Осн. фін. пок.'!C143)*100 -> #DIV/0! | E9: =('Осн. фін. пок.'!D67/'Осн. фін. пок.'!D143)*100 -> #DIV/0! | F9: =('Осн. фін. пок.'!E67/'Осн. фін. пок.'!E143)*100 -> #DIV/0! | G9: =('Осн. фін. пок.'!F67/'Осн. фін. пок.'!F143)*100 -> #VALUE! | H9: Характеризує ефективність використання активів підприємства
A10: Рентабельність власного капіталу (чистий фінансовий результат, рядок 1200 / власний капітал, рядок 6080) х 100, % | B10: 5030 | C10: Збільшення | D10: =('Осн. фін. пок.'!C67/'Осн. фін. пок.'!C149)*100 -> #DIV/0! | E10: =('Осн. фін. пок.'!D67/'Осн. фін. пок.'!D149)*100 -> #DIV/0! | F10: =('Осн. фін. пок.'!E67/'Осн. фін. пок.'!E149)*100 -> #DIV/0! | G10: =('Осн. фін. пок.'!F67/'Осн. фін. пок.'!F149)*100 -> #VALUE!
A11: Рентабельність діяльності (чистий фінансовий результат, рядок 1200 / чистий дохід від реалізації продукції (товарів, робіт, послуг), рядок 1000) х 100, % | B11: 5040 | C11: Збільшення | D11: 9.4420601 | E11: =('Осн. фін. пок.'!D67/'Осн. фін. пок.'!D34)*100 -> 25.468165 | F11: =('Осн. фін. пок.'!E67/'Осн. фін. пок.'!E34)*100 -> 16.666667 | G11: =('Осн. фін. пок.'!F67/'Осн. фін. пок.'!F34)*100 -> 25.468165 | H11: Характеризує ефективність господарської діяльності підприємства
A12: Коефіцієнти фінансової стійкості та ліквідності
A13: Коефіцієнт відношення боргу до EBITDA (довгострокові зобов'язання, рядок 6030 + поточні зобов'язання, рядок 6040) / EBITDA, рядок 1310 | B13: 5100 | D13: =('Осн. фін. пок.'!C144+'Осн. фін. пок.'!C145)/'Осн. фін. пок.'!C52 -> #VALUE! | E13: =('Осн. фін. пок.'!D144+'Осн. фін. пок.'!D145)/'Осн. фін. пок.'!D52 -> #VALUE! | F13: =('Осн. фін. пок.'!E144+'Осн. фін. пок.'!E145)/'Осн. фін. пок.'!E52 -> #VALUE! | G13: =('Осн. фін. пок.'!F144+'Осн. фін. пок.'!F145)/'Осн. фін. пок.'!F52 -> #VALUE!
A14: Коефіцієнт фінансової стійкості (власний капітал, рядок 6080 / (довгострокові зобов'язання, рядок 6030 + поточні зобов'язання, рядок 6040)) | B14: 5110 | C14: > 1 | D14: ='Осн. фін. пок.'!C149/('Осн. фін. пок.'!C144+'Осн. фін. пок.'!C145) -> #DIV/0! | E14: ='Осн. фін. пок.'!D149/('Осн. фін. пок.'!D144+'Осн. фін. пок.'!D145) -> #DIV/0! | F14: ='Осн. фін. пок.'!E149/('Осн. фін. пок.'!E144+'Осн. фін. пок.'!E145) -> #DIV/0! | G14: ='Осн. фін. пок.'!F149/('Осн. фін. пок.'!F144+'Осн. фін. пок.'!F145) -> #VALUE! | H14: Характеризує співвідношення власних та позикових коштів і залежність підприємства від зовнішніх фінансових джерел
A15: Коефіцієнт поточної ліквідності (покриття) (оборотні активи, рядок 6010 / поточні зобов'язання, рядок 6040) | B15: 5120 | C15: > 1 | D15: ='Осн. фін. пок.'!C141/'Осн. фін. пок.'!C145 -> #DIV/0! | E15: ='Осн. фін. пок.'!D141/'Осн. фін. пок.'!D145 -> #DIV/0! | F15: ='Осн. фін. пок.'!E141/'Осн. фін. пок.'!E145 -> #DIV/0! | G15: ='Осн. фін. пок.'!F141/'Осн. фін. пок.'!F145 -> #VALUE! | H15: Показує достатність ресурсів підприємства, які може бути використано для погашення його поточних зобов'язань. Нормативним значенням для цього показника є > 1–1,5
A16: Аналіз капітальних інвестицій
A17: Коефіцієнт відношення капітальних інвестицій до амортизації (капітальні інвестиції, рядок 4000 / амортизація, рядок 1430) | B17: 5200 | D17: ='Осн. фін. пок.'!C118/'Осн. фін. пок.'!C79 -> #DIV/0! | E17: ='Осн. фін. пок.'!D118/'Осн. фін. пок.'!D79 -> #DIV/0! | F17: ='Осн. фін. пок.'!E118/'Осн. фін. пок.'!E79 -> #DIV/0! | G17: ='Осн. фін. пок.'!F118/'Осн. фін. пок.'!F79 -> #DIV/0!
A18: Коефіцієнт відношення капітальних інвестицій до чистого доходу від реалізації продукції (товарів, робіт, послуг) (капітальні інвестиції, рядок 4000 / чистий дохід від реалізації продукції (товарів, робіт, послуг), рядок 1000) | B18: 5210 | D18: 24.48309 | E18: ='Осн. фін. пок.'!D118/'Осн. фін. пок.'!D34 -> 2058.0524 | F18: ='Осн. фін. пок.'!E118/'Осн. фін. пок.'!E34 -> 3663.3333 | G18: ='Осн. фін. пок.'!F118/'Осн. фін. пок.'!F34 -> 2058.0524
A19: Коефіцієнт зносу основних засобів (сума зносу, рядок 6003 / первісна вартість основних засобів, рядок 6002) | B19: 5220 | C19: Зменшення | D19: #VALUE! | E19: ='Осн. фін. пок.'!D140/'Осн. фін. пок.'!D139 -> 0.528428 | F19: ='Осн. фін. пок.'!E140/'Осн. фін. пок.'!E139 -> 0.528428 | G19: ='Осн. фін. пок.'!F140/'Осн. фін. пок.'!F139 -> #VALUE! | H19: Характеризує інвестиційну політику підприємства
A20: Ковенанти/обмежувальні коефіцієнти
A21: Інші коефіцієнти/ковенанти, якщо такі передбачені умовами кредитних договорів, із зазначенням банку, валюти та суми зобов'язання на дату останньої звітності, строку погашення. У графі "Оптимальне значення" вказати граничне значення коефіцієнта | B21: 5300
A27: Начальник КП "Благоустрій - Р" | C27: __________________________ | E27: Миць В. В.
A28: (посада) | C28: (підпис) | E28: (ініціали, прізвище)

Sheet 6.1. Інша інфо_1
A1: Інформація
A2: до фінансового плану за І півріччя 2026 рік
A3: КП "Благоустрій - Р"
A4: (найменування підприємства)
A5: 1. Дані про підприємство, персонал та витрати на оплату праці
A7: Загальна інформація про підприємство (резюме)
A9: Найменування показника | C9: Факт відповідного періоду минулого року | F9: План звітного періоду | I9: Факт звітного періоду | L9: Відхилення, +/– (Факт звітного періоду / План звітного періоду) | N9: Виконання, % (Факт звітного періоду / План звітного періоду)
A10: 1 | C10: 2 | F10: 3 | I10: 4 | L10: 5 | N10: 6
A11: Середня кількість працівників (штатних працівників, зовнішніх сумісників та працівників, що працюють за цивільно-правовими договорами), у тому числі: | C11: =C12+C13+C14 -> 66 | F11: =F12+F13+F14 -> 81 | I11: =I12+I13+I14 -> 65 | L11: =I11-F11 -> -16 | N11: =(I11/F11)*100 -> 80.246914
A12: директор | C12: 1 | F12: 1 | I12: =SUM(F12) -> 1 | L12: =I12-F12 -> 0 | N12: =(I12/F12)*100 -> 100
A13: адміністративно-управлінський персонал | C13: 11 | F13: 11 | I13: =SUM(F13) -> 11 | L13: =I13-F13 -> 0 | N13: =(I13/F13)*100 -> 100
A14: працівники | C14: 54 | F14: 69 | I14: 53 | L14: =I14-F14 -> -16 | N14: =(I14/F14)*100 -> 76.811594
A15: Фонд оплати праці, тис. грн, у тому числі: | C15: =C16+C17+C18 -> 5302.7 | F15: =F16+F17+F18 -> 5784.5 | I15: =I16+I17+I18 -> 5705.8 | L15: =I15-F15 -> -78.7 | N15: =(I15/F15)*100 -> 98.639468
A16: директор | C16: 177.2 | F16: =88.9+88.7 -> 177.6 | I16: =SUM(F16) -> 177.6 | L16: =I16-F16 -> 0 | N16: =(I16/F16)*100 -> 100
A17: адміністративно-управлінський персонал | C17: 1284.4 | F17: =683.4+648.1 -> 1331.5 | I17: =SUM(F17) -> 1331.5 | L17: =I17-F17 -> 0 | N17: =(I17/F17)*100 -> 100
A18: працівники | C18: 3841.1 | F18: 4275.4 | I18: 4196.7 | L18: =I18-F18 -> -78.7 | N18: =(I18/F18)*100 -> 98.159237
A19: Витрати на оплату праці, тис. грн, у тому числі: | C19: =C20+C21+C22 -> 6392.27 | F19: =F20+F21+F22 -> 7057.0162 | I19: =SUM(I20:K22) -> 6860.4962 | L19: =I19-F19 -> -196.52 | N19: =(I19/F19)*100 -> 97.215254
A20: директор | C20: 192.1 | F20: =F16+F16*8.41% -> 192.53616 | I20: =F20 -> 192.53616 | L20: =I20-F20 -> 0 | N20: =(I20/F20)*100 -> 100
A21: адміністративно-управлінський персонал | C21: 1566.97 | F21: =F17+F17*22% -> 1624.43 | I21: =F21 -> 1624.43 | L21: =I21-F21 -> 0 | N21: =(I21/F21)*100 -> 100
A22: працівники | C22: 4633.2 | F22: 5240.05 | I22: 5043.53 | L22: =I22-F22 -> -196.52 | N22: =(I22/F22)*100 -> 96.249654
A23: Середньомісячні витрати на оплату праці одного працівника (грн), усього, у тому числі: | C23: 16142.1 | F23: =(F19/F11)/6*1000 -> 14520.609 | I23: =(I19/I11)/6*1000 -> 17591.016 | L23: =I23-F23 -> 3070.4064 | N23: =(I23/F23)*100 -> 121.14516
A24: директор | C24: 32017.09 | F24: =(F20/F12)/6*1000 -> 32089.36 | I24: =F24 -> 32089.36 | L24: =I24-F24 -> 0 | N24: =(I24/F24)*100 -> 100
A25: адміністративно-управлінський персонал | C25: 23741.94 | F25: =(F21/F13)/6*1000 -> 24612.576 | I25: =F25 -> 24612.576 | L25: =I25-F25 -> 0 | N25: =(I25/F25)*100 -> 100
A26: працівники | C26: 14300 | F26: =(F22/F14)/6*1000 -> 12657.126 | I26: =(I22/I14)/6*1000 -> 15860.157 | L26: =I26-F26 -> 3203.0316 | N26: =(I26/F26)*100 -> 125.30615
A28: У разі збільшення витрат на оплату праці у звітному періоді порівняно із запланованими та фактичними витратами відповідного періоду минулого року обов'язково надаються обґрунтування.
A30: 2. Перелік підприємств, які включені до консолідованого (зведеного) фінансового плану
A32: Код за ЄДРПОУ | B32: Найменування підприємства | F32: Вид діяльності
A33: 1 | B33: 2 | F33: 3
A40: 3. Інформація про бізнес підприємства (код рядка 1000 фінансового плану)
A42: Найменування видів діяльності за КВЕД | D42: План | G42: Факт | J42: Відхилення, +/– | M42: Виконання, %
D43: чистий дохід від реалізації продукції (товарів, робіт, послуг), тис. грн | E43: кількість продукції/ наданих послуг, одиниця виміру | F43: ціна одиниці (вартість продукції/ наданих послуг), грн | G43: чистий дохід від реалізації продукції (товарів, робіт, послуг), тис. грн | H43: кількість продукції/ наданих послуг, одиниця виміру | I43: ціна одиниці (вартість продукції/ наданих послуг), грн | J43: чистий дохід від реалізації продукції (товарів, робіт, послуг), тис. грн | K43: кількість продукції/ наданих послуг, одиниця виміру | L43: ціна одиниці (вартість продукції/ наданих послуг), грн | M43: чистий дохід від реалізації продукції (товарів, робіт, послуг) | N43: кількість продукції/ наданих послуг | O43: зміна ціни одиниці (вартості продукції/ наданих послуг)
A44: 1 | D44: 2 | E44: 3 | F44: 4 | G44: 5 | H44: 6 | I44: 7 | J44: 8 | K44: 9 | L44: 10 | M44: 11 | N44: 12 | O44: 13
J45: =G45-D45 -> 0 | K45: =H45-E45 -> 0 | L45: =I45-F45 -> 0 | M45: =(G45/D45)*100 -> #DIV/0! | N45: =(H45/E45)*100 -> #DIV/0! | O45: =(I45/F45)*100 -> #DIV/0!
J46: =G46-D46 -> 0 | K46: =H46-E46 -> 0 | L46: =I46-F46 -> 0 | M46: =(G46/D46)*100 -> #DIV/0! | N46: =(H46/E46)*100 -> #DIV/0! | O46: =(I46/F46)*100 -> #DIV/0!
J47: =G47-D47 -> 0 | K47: =H47-E47 -> 0 | L47: =I47-F47 -> 0 | M47: =(G47/D47)*100 -> #DIV/0! | N47: =(H47/E47)*100 -> #DIV/0! | O47: =(I47/F47)*100 -> #DIV/0!
J48: =G48-D48 -> 0 | K48: =H48-E48 -> 0 | L48: =I48-F48 -> 0 | M48: =(G48/D48)*100 -> #DIV/0! | N48: =(H48/E48)*100 -> #DIV/0! | O48: =(I48/F48)*100 -> #DIV/0!
A49: Усього | D49: =SUM(D45:D48) -> 0 | G49: =SUM(G45:G48) -> 0
A51: 4. Діючі фінансові зобов'язання підприємства
A53: Найменування банку | B53: Вид кредитного продукту та цільове призначення | D53: Сума, валюта за договорами | F53: Процентна ставка | H53: Дата видачі / погашення (графік) | K53: Заборгованість на останню дату | M53: Забезпечення
A54: 1 | B54: 2 | D54: 3 | F54: 4 | H54: 5 | K54: 6 | M54: 7
A59: Усього | B59: х | D59: х | F59: х | K59: =SUM(K55:L58) -> 0
A61: 5. Інформація щодо отримання та повернення залучених коштів
A63: Зобов'язання | D63: Заборгованість за кредитами на початок звітного періоду | F63: Отримано залучених коштів за звітний період | J63: Повернено залучених коштів за звітний період | N63: Заборгованість на кінець звітного періоду
F64: план | H64: факт | J64: план | L64: факт
A65: 1 | D65: 2 | F65: 3 | H65: 4 | J65: 5 | L65: 6 | N65: 7
A66: Довгострокові зобов'язання, усього | N66: =D66+H66-L66 -> 0
A67: у тому числі:
A69: Короткострокові зобов'язання, усього | N69: =D69+H69-L69 -> 0
A70: у тому числі:
A72: Інші фінансові зобов'язання, усього | N72: =D72+H72-L72 -> 0
A73: у тому числі:
A75: Усього | D75: =SUM(D66,D69,D72) -> 0 | F75: =SUM(F66,F69,F72) -> 0 | H75: =SUM(H66,H69,H72) -> 0 | J75: =SUM(J66,J69,J72) -> 0 | L75: =SUM(L66,L69,L72) -> 0 | N75: =D75+H75-L75 -> 0

Sheet 6.2. Інша інфо_2
C1: 6. Витрати, пов'язані з використанням власних службових автомобілів (у складі адміністративних витрат, рядок 1031)
A3: № з/п | B3: Марка | D3: Рік придбання | G3: Мета використання | R3: Витрати, усього | AA3: Відхилення, +/– (факт звітного періоду / план звітного періоду) | AD3: Виконання, % (факт звітного періоду / план звітного періоду)
R4: факт відповідного періоду минулого року | U4: план звітного періоду | X4: факт звітного періоду
A5: 1 | B5: 2 | D5: 3 | G5: 4 | R5: 5 | U5: 6 | X5: 7 | AA5: 8 | AD5: 9
AA6: =X6-U6 -> 0 | AD6: =(X6/U6)*100 -> #DIV/0!
AA7: =X7-U7 -> 0 | AD7: =(X7/U7)*100 -> #DIV/0!
AA8: =X8-U8 -> 0 | AD8: =(X8/U8)*100 -> #DIV/0!
AA9: =X9-U9 -> 0 | AD9: =(X9/U9)*100 -> #DIV/0!
A10: Усього | R10: =SUM(R6:R9) -> 0 | U10: =SUM(U6:U9) -> 0 | X10: =SUM(X6:X9) -> 0 | AA10: =X10-U10 -> 0 | AD10: =(X10/U10)*100 -> #DIV/0!
C13: 7. Витрати на оренду службових автомобілів (у складі адміністративних витрат, рядок 1032)
A15: № з/п | B15: Договір | D15: Марка | H15: Мета використання | P15: Дата початку оренди | R15: Витрати, усього | AA15: Відхилення, +/– (факт звітного періоду / план звітного періоду) | AD15: Виконання, % (факт звітного періоду / план звітного періоду)
R16: факт відповідного періоду минулого року | U16: план звітного періоду | X16: факт звітного періоду
A18: 1 | B18: 2 | D18: 3 | H18: 4 | P18: 5 | R18: 6 | U18: 7 | X18: 8 | AA18: 9 | AD18: 10
AA19: =X19-U19 -> 0 | AD19: =(X19/U19)*100 -> #DIV/0!
AA20: =X20-U20 -> 0 | AD20: =(X20/U20)*100 -> #DIV/0!
AA21: =X21-U21 -> 0 | AD21: =(X21/U21)*100 -> #DIV/0!
AA22: =X22-U22 -> 0 | AD22: =(X22/U22)*100 -> #DIV/0!
A23: Усього | R23: =SUM(R19:R22) -> 0 | U23: =SUM(U19:U22) -> 0 | X23: =SUM(X19:X22) -> 0 | AA23: =X23-U23 -> 0 | AD23: =(X23/U23)*100 -> #DIV/0!
C26: 8. Джерела капітальних інвестицій
AD27: тис. грн (без ПДВ)
A28: № з/п | B28: Найменування об’єкта | M28: Залучення кредитних коштів | Q28: Бюджетне фінансування | U28: Власні кошти (розшифрувати) | Y28: Інші джерела (розшифрувати) | AC28: Усього
M29: план | N29: факт | O29: відхилення, +/– | P29: виконання, % | Q29: план | R29: факт | S29: відхилення, +/– | T29: виконання, % | U29: план | V29: факт | W29: відхилення, +/– | X29: виконання, % | Y29: план | Z29: факт | AA29: відхилення, +/– | AB29: виконання, % | AC29: план | AD29: факт | AE29: відхилення, +/– | AF29: виконання, %
A31: 1 | B31: 2 | M31: 3 | N31: 4 | O31: 5 | P31: 6 | Q31: 7 | R31: 8 | S31: 9 | T31: 10 | U31: 11 | V31: 12 | W31: 13 | X31: 14 | Y31: 15 | Z31: 16 | AA31: 17 | AB31: 18 | AC31: 19 | AD31: 20 | AE31: 21 | AF31: 22
A32: 1 | B32: Перфоратор Bosch Professional GBN 2-28 | O32: =N32-M32 -> 0 | P32: =N32/M32*100 -> #DIV/0! | Q32: 9850 | R32: =SUM(Q32) -> 9850 | S32: =R32-Q32 -> 0 | T32: =R32/Q32*100 -> 100 | W32: =V32-U32 -> 0 | X32: =V32/U32*100 -> #DIV/0! | AA32: =Z32-Y32 -> 0 | AB32: =Z32/Y32*100 -> #DIV/0! | AC32: =SUM(M32,Q32,U32,Y32) -> 9850 | AD32: =SUM(N32,R32,V32,Z32) -> 9850 | AE32: =AD32-AC32 -> 0 | AF32: =AD32/AC32*100 -> 100
A33: 2 | B33: Бензопила REBINER CS-45 | O33: =N33-M33 -> 0 | P33: =N33/M33*100 -> #DIV/0! | Q33: 4600 | R33: =SUM(Q33) -> 4600 | S33: =R33-Q33 -> 0 | T33: =R33/Q33*100 -> 100 | W33: =V33-U33 -> 0 | X33: =V33/U33*100 -> #DIV/0! | AA33: =Z33-Y33 -> 0 | AB33: =Z33/Y33*100 -> #DIV/0! | AC33: =SUM(M33,Q33,U33,Y33) -> 4600 | AD33: =SUM(N33,R33,V33,Z33) -> 4600 | AE33: =AD33-AC33 -> 0 | AF33: =AD33/AC33*100 -> 100
A34: 3 | B34: Тример бензиновий REBINER GT -4800 | O34: =N34-M34 -> 0 | P34: =N34/M34*100 -> #DIV/0! | Q34: 4650 | R34: =SUM(Q34) -> 4650 | S34: =R34-Q34 -> 0 | T34: =R34/Q34*100 -> 100 | W34: =V34-U34 -> 0 | X34: =V34/U34*100 -> #DIV/0! | AA34: =Z34-Y34 -> 0 | AB34: =Z34/Y34*100 -> #DIV/0! | AC34: =SUM(M34,Q34,U34,Y34) -> 4650 | AD34: =SUM(N34,R34,V34,Z34) -> 4650 | AE34: =AD34-AC34 -> 0 | AF34: =AD34/AC34*100 -> 100
A35: 4 | B35: Тример бензиновий REBINER GT -4800 | O35: =N35-M35 -> 0 | P35: =N35/M35*100 -> #DIV/0! | Q35: 4650 | R35: =SUM(Q35) -> 4650 | S35: =R35-Q35 -> 0 | T35: =R35/Q35*100 -> 100 | W35: =V35-U35 -> 0 | X35: =V35/U35*100 -> #DIV/0! | AA35: =Z35-Y35 -> 0 | AB35: =Z35/Y35*100 -> #DIV/0! | AC35: =SUM(M35,Q35,U35,Y35) -> 4650 | AD35: =SUM(N35,R35,V35,Z35) -> 4650 | AE35: =AD35-AC35 -> 0 | AF35: =AD35/AC35*100 -> 100
A36: 5 | B36: Тример бензиновий REBINER GT -4800 | O36: =N36-M36 -> 0 | P36: =N36/M36*100 -> #DIV/0! | Q36: 4650 | R36: =SUM(Q36) -> 4650 | S36: =R36-Q36 -> 0 | T36: =R36/Q36*100 -> 100 | W36: =V36-U36 -> 0 | X36: =V36/U36*100 -> #DIV/0! | AA36: =Z36-Y36 -> 0 | AB36: =Z36/Y36*100 -> #DIV/0! | AC36: =SUM(M36,Q36,U36,Y36) -> 4650 | AD36: =SUM(N36,R36,V36,Z36) -> 4650 | AE36: =AD36-AC36 -> 0 | AF36: =AD36/AC36*100 -> 100
A37: 6 | B37: Тример бензиновий REBINER GT -4800 | O37: =N37-M37 -> 0 | P37: =N37/M37*100 -> #DIV/0! | Q37: 4650 | R37: =SUM(Q37) -> 4650 | S37: =R37-Q37 -> 0 | T37: =R37/Q37*100 -> 100 | W37: =V37-U37 -> 0 | X37: =V37/U37*100 -> #DIV/0! | AA37: =Z37-Y37 -> 0 | AB37: =Z37/Y37*100 -> #DIV/0! | AC37: =SUM(M37,Q37,U37,Y37) -> 4650 | AD37: =SUM(N37,R37,V37,Z37) -> 4650 | AE37: =AD37-AC37 -> 0 | AF37: =AD37/AC37*100 -> 100
A38: 7 | B38: Набір акумуляторних інструментів (кутова шліфмашинка - 1шт., шуруповерт - 1 шт., перфоратор - 1 шт. гайковерт - 1 шт.) | O38: =N38-M38 -> 0 | P38: =N38/M38*100 -> #DIV/0! | Q38: 9500 | R38: =SUM(Q38) -> 9500 | S38: =R38-Q38 -> 0 | T38: =R38/Q38*100 -> 100 | W38: =V38-U38 -> 0 | X38: =V38/U38*100 -> #DIV/0! | AA38: =Z38-Y38 -> 0 | AB38: =Z38/Y38*100 -> #DIV/0! | AC38: =SUM(M38,Q38,U38,Y38) -> 9500 | AD38: =SUM(N38,R38,V38,Z38) -> 9500 | AE38: =AD38-AC38 -> 0 | AF38: =AD38/AC38*100 -> 100
A39: 8 | B39: Драбина трьохсекційна 12 сходин | O39: =N39-M39 -> 0 | P39: =N39/M39*100 -> #DIV/0! | Q39: 10500 | R39: =SUM(Q39) -> 10500 | S39: =R39-Q39 -> 0 | T39: =R39/Q39*100 -> 100 | W39: =V39-U39 -> 0 | X39: =V39/U39*100 -> #DIV/0! | AA39: =Z39-Y39 -> 0 | AB39: =Z39/Y39*100 -> #DIV/0! | AC39: =SUM(M39,Q39,U39,Y39) -> 10500 | AD39: =SUM(N39,R39,V39,Z39) -> 10500 | AE39: =AD39-AC39 -> 0 | AF39: =AD39/AC39*100 -> 100
A40: 9 | B40: Драбина 8 сходин | O40: =N40-M40 -> 0 | P40: =N40/M40*100 -> #DIV/0! | Q40: 1900 | R40: =SUM(Q40) -> 1900 | S40: =R40-Q40 -> 0 | T40: =R40/Q40*100 -> 100 | W40: =V40-U40 -> 0 | X40: =V40/U40*100 -> #DIV/0! | AA40: =Z40-Y40 -> 0 | AB40: =Z40/Y40*100 -> #DIV/0! | AC40: =SUM(M40,Q40,U40,Y40) -> 1900 | AD40: =SUM(N40,R40,V40,Z40) -> 1900 | AE40: =AD40-AC40 -> 0 | AF40: =AD40/AC40*100 -> 100
A41: 10 | O41: =N41-M41 -> 0 | P41: =N41/M41*100 -> #DIV/0! | S41: =R41-Q41 -> 0 | T41: =R41/Q41*100 -> #DIV/0! | W41: =V41-U41 -> 0 | X41: =V41/U41*100 -> #DIV/0! | AA41: =Z41-Y41 -> 0 | AB41: =Z41/Y41*100 -> #DIV/0! | AC41: =SUM(M41,Q41,U41,Y41) -> 0 | AD41: =SUM(N41,R41,V41,Z41) -> 0 | AE41: =AD41-AC41 -> 0 | AF41: =AD41/AC41*100 -> #DIV/0!
A42: 11 | O42: =N42-M42 -> 0 | P42: =N42/M42*100 -> #DIV/0! | S42: =R42-Q42 -> 0 | T42: =R42/Q42*100 -> #DIV/0! | W42: =V42-U42 -> 0 | X42: =V42/U42*100 -> #DIV/0! | AA42: =Z42-Y42 -> 0 | AB42: =Z42/Y42*100 -> #DIV/0! | AC42: =SUM(M42,Q42,U42,Y42) -> 0 | AD42: =SUM(N42,R42,V42,Z42) -> 0 | AE42: =AD42-AC42 -> 0 | AF42: =AD42/AC42*100 -> #DIV/0!
A43: 12 | O43: =N43-M43 -> 0 | P43: =N43/M43*100 -> #DIV/0! | S43: =R43-Q43 -> 0 | T43: =R43/Q43*100 -> #DIV/0! | W43: =V43-U43 -> 0 | X43: =V43/U43*100 -> #DIV/0! | AA43: =Z43-Y43 -> 0 | AB43: =Z43/Y43*100 -> #DIV/0! | AC43: =SUM(M43,Q43,U43,Y43) -> 0 | AD43: =SUM(N43,R43,V43,Z43) -> 0 | AE43: =AD43-AC43 -> 0 | AF43: =AD43/AC43*100 -> #DIV/0!
A44: 13 | O44: =N44-M44 -> 0 | P44: =N44/M44*100 -> #DIV/0! | S44: =R44-Q44 -> 0 | T44: =R44/Q44*100 -> #DIV/0! | W44: =V44-U44 -> 0 | X44: =V44/U44*100 -> #DIV/0! | AA44: =Z44-Y44 -> 0 | AB44: =Z44/Y44*100 -> #DIV/0! | AC44: =SUM(M44,Q44,U44,Y44) -> 0 | AD44: =SUM(N44,R44,V44,Z44) -> 0 | AE44: =AD44-AC44 -> 0 | AF44: =AD44/AC44*100 -> #DIV/0!
A45: 14 | O45: =N45-M45 -> 0 | P45: =N45/M45*100 -> #DIV/0! | S45: =R45-Q45 -> 0 | T45: =R45/Q45*100 -> #DIV/0! | W45: =V45-U45 -> 0 | X45: =V45/U45*100 -> #DIV/0! | AA45: =Z45-Y45 -> 0 | AB45: =Z45/Y45*100 -> #DIV/0! | AC45: =SUM(M45,Q45,U45,Y45) -> 0 | AD45: =SUM(N45,R45,V45,Z45) -> 0 | AE45: =AD45-AC45 -> 0 | AF45: =AD45/AC45*100 -> #DIV/0!
A46: 15 | P46: =N46/M46*100 -> #DIV/0! | S46: =R46-Q46 -> 0 | T46: =R46/Q46*100 -> #DIV/0! | AC46: =SUM(M46,Q46,U46,Y46) -> 0 | AD46: =SUM(N46,R46,V46,Z46) -> 0 | AE46: =AD46-AC46 -> 0 | AF46: =AD46/AC46*100 -> #DIV/0!
A47: 16 | P47: =N47/M47*100 -> #DIV/0! | S47: =R47-Q47 -> 0 | T47: =R47/Q47*100 -> #DIV/0! | AC47: =SUM(M47,Q47,U47,Y47) -> 0 | AD47: =SUM(N47,R47,V47,Z47) -> 0 | AE47: =AD47-AC47 -> 0 | AF47: =AD47/AC47*100 -> #DIV/0!
A48: Усього | M48: =SUM(M32:M45) -> 0 | N48: =SUM(N32:N45) -> 0 | O48: =SUM(O32:O45) -> 0 | P48: =N48/M48*100 -> #DIV/0! | Q48: =SUM(Q32:Q47) -> 54950 | R48: =SUM(R32:R47) -> 54950 | S48: =SUM(S32:S47) -> 0 | T48: =R48/Q48*100 -> 100 | U48: =SUM(U32:U45) -> 0 | V48: =SUM(V32:V45) -> 0 | W48: =SUM(W32:W45) -> 0 | X48: =V48/U48*100 -> #DIV/0! | Y48: =SUM(Y32:Y45) -> 0 | Z48: =SUM(Z32:Z45) -> 0 | AA48: =SUM(AA32:AA45) -> 0 | AB48: =Z48/Y48*100 -> #DIV/0! | AC48: =SUM(AC32:AC47) -> 54950 | AD48: =SUM(AD32:AD47) -> 54950 | AE48: =SUM(AE32:AE47) -> 0 | AF48: =AD48/AC48*100 -> 100
A49: Відсоток | M49: =M48/AC48*100 -> 0 | N49: =N48/AD48*100 -> 0 | Q49: =Q48/AC48*100 -> 100 | R49: =R48/AD48*100 -> 100 | U49: =U48/AC48*100 -> 0 | V49: =V48/AD48*100 -> 0 | Y49: =Y48/AC48*100 -> 0 | Z49: =Z48/AD48*100 -> 0 | AC49: =SUM(M49,Q49,U49,Y49) -> 100 | AD49: =SUM(N49,R49,V49,Z49) -> 100
C52: 9. Капітальне будівництво (рядок 4010 таблиці 4)
AD53: тис. грн (без ПДВ)
A54: № з/п | B54: Найменування об’єкта | D54: Рік початку і закінчення будівництва | F54: Загальна кошторисна вартість | H54: Первісна балансова вартість введених потужностей на початок звітного періоду | J54: Незавершене будівництво на початок звітного періоду | L54: Звітний період (квартал, рік) | V54: Інформація щодо проектно-кошторисної документації (стан розроблення, затвердження, у разі затвердження зазначити орган, яким затверджено, та відповідний документ) | AA54: Документ, яким затверджений титул будови, із зазначенням органу, який його погодив
L55: освоєння капітальних вкладень | N55: фінансування капітальних інвестицій (оплата грошовими коштами), усього | P55: у тому числі
P56: власні кошти | R56: кредитні кошти | T56: інші джерела (зазначити джерело)
A57: 1 | B57: 2 | D57: 3 | F57: 4 | H57: 5 | J57: 6 | L57: 7 | N57: 8 | P57: 9 | R57: 10 | T57: 11 | V57: 12 | AA57: 13
N58: =SUM(P58,R58,T58) -> 0
N59: =SUM(P59,R59,T59) -> 0
N60: =SUM(P60,R60,T60) -> 0
N61: =SUM(P61,R61,T61) -> 0
N62: =SUM(P62,R62,T62) -> 0
N63: =SUM(P63,R63,T63) -> 0
N64: =SUM(P64,R64,T64) -> 0
A65: Усього | F65: =SUM(F58:F64) -> 0 | H65: =SUM(H58:H64) -> 0 | J65: =SUM(J58:J64) -> 0 | L65: =SUM(L58:L64) -> 0 | N65: =SUM(N58:N64) -> 0 | P65: =SUM(P58:P64) -> 0 | R65: =SUM(R58:R64) -> 0 | T65: =SUM(T58:T64) -> 0
B70: Начальник КП "Благоустрій - Р" | M70: __________________________________________________ | W70: Миць В. В.
B71: (посада) | M71: (підпис) | W71: (ініціали, прізвище)
